Workbook
Name \s: #REF!
Name \s: #REF!
Name \s: #REF!
Name \s: #REF!
Name \s: #REF!
Name \s: #REF!
Name \t: #REF!
Name \t: #REF!
Name \t: #REF!
Name \t: #REF!
Name ____\t: #REF!
Name ______\s: #REF!
Name ______________FOG50: #REF!
Name ______________FOG50: #REF!
Name ______________FOG50: #REF!
Name ______________FOG50: #REF!
Name ______________FOG50: #REF!
Name ______________FOG50: #REF!
Name ______________PVC100: #REF!
Name ______________PVC100: #REF!
Name ______________PVC100: #REF!
Name ______________PVC100: #REF!
Name ______________PVC100: #REF!
Name ______________PVC150: #REF!
Name ______________PVC150: #REF!
Name ______________PVC150: #REF!
Name ______________PVC150: #REF!
Name ______________PVC150: #REF!
Name ______________PVC50: #REF!
Name ______________PVC50: #REF!
Name ______________PVC50: #REF!
Name ______________PVC50: #REF!
Name ______________PVC75: #REF!
Name ______________PVC75: #REF!
Name ______________PVC75: #REF!
Name ______________PVC75: #REF!
Name _____________FOG50: #REF!
Name _____________FOG50: #REF!
Name _____________FOG50: #REF!
Name _____________FOG50: #REF!
Name _____________PVC100: #REF!
Name _____________PVC100: #REF!
Name _____________PVC100: #REF!
Name _____________PVC100: #REF!
Name _____________PVC150: #REF!
Name _____________PVC150: #REF!
Name _____________PVC150: #REF!
Name _____________PVC150: #REF!
Name _____________PVC50: #REF!
Name _____________PVC50: #REF!
Name _____________PVC50: #REF!
Name _____________PVC50: #REF!
Name _____________PVC75: #REF!
Name _____________PVC75: #REF!
Name _____________PVC75: #REF!
Name _____________PVC75: #REF!
Name ____________FOG50: #REF!
Name ____________FOG50: #REF!
Name ____________FOG50: #REF!
Name ____________FOG50: #REF!

Sheet COMPOSIÇÃO BDI
A1: PREFEITURA MUNICIPAL DE VILA PAVÃO
B2: DETALHAMENTO DO BDI
A3: PROPONENTE: | B3: PREFEITURA MUNICIPAL DE VILA PAVÃO
A4: OBRA: | B4: CONSTRUÇÃO DA ESCOLA TAMANDUÁ
B5: Data: 08/07/2022
A7: 1. Regime de Contribuição Previdenciária
B9: Sem Desoneração
A11: 2. Tipo de Intervenção
B13: Edificações
A15: 3. Incidências sobre o custo
B17: Administração Central - AC | C17: 0.04 | D17: %
B18: Riscos, Seguros e Garantias Contratuais - R+S+G | C18: 0.0207 | D18: %
B19: Addministração Local - AL | C19: 0.01 | D19: %
B20: Despesas e Encargos Financeiros - DF | C20: 0.0123 | D20: %
B22: Lucro - L | C22: 0.04 | D22: %
A24: 4 – Incidências sobre o preço de venda
B26: Despesas Tributárias - I | C26: =C27+C28+C29+C30 -> 0.0665 | D26: %
B27: ISS | C27: 0.03 | D27: %
B28: COFINS | C28: 0.03 | D28: %
B29: PIS | C29: 0.0065 | D29: %
B30: INSS | C30: 0 | D30: %
A32: 5 – Demonstrativo de cálculo do BDI
A34: BDI = [(1+(AC+S+R+G+DF+L+B+AL))/(1-I)-1]x100 | C34: =(((1+(C17+C19+C20+C18))*(1+C22))/(1-C26))-1 -> 0.20655597
B41: CARLOS RAPHAEL MONTEIRO DE LEMOS
B42: Engenheiro Civil- CREA-ES 011840/D
B43: ES-011840/D

Sheet PLANILHA RESUMO
A1: PREFEITURA MUNICIPAL DE VILA PAVÃO
A2: OBRA: CONSTRUÇÃO DA ESCOLA TAMANDUÁ | B2: DATA BASE: SINAPI MAIO/2022 E DER-EDI ABRIL/2022 BDI: 20.66 % L.S. NÃO-DESONERADAS: 157,27% | C2: CONTRATADA: ML ENGENHARIA E PROJETOS | D2: RESPONSÁVEL TÉCNICO: CARLOS RAPHAEL MONTEIRO DE LEMOS
A3: ITEM | B3: SERVIÇO | C3: TOTAL | D3: PESO
A6: 1 | B6: =VLOOKUP(A6,ORÇAMENTO!A:I,4,0) -> LICITAÇÃO
A8: 2 | B8: =VLOOKUP(A8,ORÇAMENTO!A:I,4,0) -> SERVIÇOS PRELIMINARES | C8: =CRONOGRAMA!C7 -> 35711.64 | D8: =C8/$C$40 -> 0.077929703
A10: 3 | B10: =VLOOKUP(A10,ORÇAMENTO!A:I,4,0) -> MOVIMENTAÇÃO DE TERRA | C10: =CRONOGRAMA!C9 -> 19702.79 | D10: =C10/$C$40 -> 0.042995297
A12: 4 | B12: =VLOOKUP(A12,ORÇAMENTO!A:I,4,0) -> ESTRUTURAL | C12: =CRONOGRAMA!C11 -> 129098.18 | D12: =C12/$C$40 -> 0.28171719
A14: 5 | B14: =VLOOKUP(A14,ORÇAMENTO!A:I,4,0) -> PAREDES E PAINÉIS | C14: =CRONOGRAMA!C13 -> 12346.075 | D14: =C14/$C$40 -> 0.026941523
A16: 6 | B16: =VLOOKUP(A16,ORÇAMENTO!A:I,4,0) -> ESQUADRIAS DE MADEIRA | C16: =CRONOGRAMA!C15 -> 11795.893 | D16: =C16/$C$40 -> 0.025740919
A18: 7 | B18: =VLOOKUP(A18,ORÇAMENTO!A:I,4,0) -> ESQUADRIAS METÁLICAS | C18: =CRONOGRAMA!C17 -> 16404.871 | D18: =C18/$C$40 -> 0.035798601
A20: 8 | B20: =VLOOKUP(A20,ORÇAMENTO!A:I,4,0) -> VIDROS E ESPELHOS | C20: =CRONOGRAMA!C19 -> 6280.18 | D20: =C20/$C$40 -> 0.013704567
A22: 9 | B22: =VLOOKUP(A22,ORÇAMENTO!A:I,4,0) -> IMPERMEABILIZAÇÕES | C22: =CRONOGRAMA!C21 -> 5691.9453 | D22: =C22/$C$40 -> 0.012420925
A24: 10 | B24: =VLOOKUP(A24,ORÇAMENTO!A:I,4,0) -> TETOS E FORROS | C24: =CRONOGRAMA!C23 -> 9024.16 | D24: =C24/$C$40 -> 0.019692462
A26: 11 | B26: =VLOOKUP(A26,ORÇAMENTO!A:I,4,0) -> REVESTIMENTOS | C26: =CRONOGRAMA!C25 -> 33832.134 | D26: =C26/$C$40 -> 0.073828259
A28: 12 | B28: =VLOOKUP(A28,ORÇAMENTO!A:I,4,0) -> PISOS INTERNOS/EXTERNOS E MUROS | C28: =CRONOGRAMA!C27 -> 69976.522 | D28: =C28/$C$40 -> 0.1527023
A30: 13 | B30: =VLOOKUP(A30,ORÇAMENTO!A:I,4,0) -> INSTALAÇÃO HIDROSSANITÁRIAS | C30: =CRONOGRAMA!C29 -> 36158.55 | D30: =C30/$C$40 -> 0.078904947
... A38: 17 | B38: =VLOOKUP(A38,ORÇAMENTO!A:I,4,0) -> SERVIÇOS COMPLEMENTARES EXTERNOS | C38: =CRONOGRAMA!C37 -> 1882.06 | D38: =C38/$C$40 -> 0.0041070188
A40: VALOR GLOBAL DA EDIFICAÇÃO | C40: =SUM(C5:C39) -> 458254.54 | D40: =SUM(D5:D39) -> 1
B46: CARLOS RAPHAEL MONTEIRO DE LEMOS
B47: Engenheiro Civil- CREA-ES 011840/D
B48: ES-011840/D

Sheet CRONOGRAMA
A1: PREFEITURA MUNICIPAL DE VILA PAVÃO
A2: OBRA: CONSTRUÇÃO DA ESCOLA TAMANDUÁ | C2: DATA BASE: SINAPI MAIO/2022 E DER-EDI ABRIL/2022 BDI: 20.66 % L.S. NÃO-DESONERADAS: 157,27% | G2: CONTRATADA: ML ENGENHARIA E PROJETOS | I2: RESPONSÁVEL TÉCNICO: CARLOS RAPHAEL MONTEIRO DE LEMOS
A3: ITEM | B3: SERVIÇO | C3: VALORES DO ITEM | E3: MÊS 01 | F3: MÊS 02 | G3: MÊS 03 | H3: MÊS 04 | I3: MÊS 05 | J3: MÊS 06
C4: R$ | D4: %
A5: 1 | B5: LICITAÇÃO | K5: =C5-(SUM(E5:J5)) -> 0
K6: =SUM(E6:J6) -> 0
A7: 2 | B7: ='PLANILHA RESUMO'!B8 -> SERVIÇOS PRELIMINARES | C7: =ORÇAMENTO!I6 -> 35711.64 | D7: ='PLANILHA RESUMO'!D6 -> 0 | E7: =$C7*E8 -> 35711.64 | F7: =$C7*F8 -> 0 | G7: =$C7*G8 -> 0 | H7: =$C7*H8 -> 0 | I7: =$C7*I8 -> 0 | J7: =$C7*J8 -> 0 | K7: =C7-(SUM(E7:J7)) -> 0
E8: 1 | F8: 0 | G8: 0 | H8: 0 | I8: 0 | J8: 0 | K8: =SUM(E8:J8) -> 1
A9: 3 | B9: ='PLANILHA RESUMO'!B10 -> MOVIMENTAÇÃO DE TERRA | C9: =ORÇAMENTO!I12 -> 19702.79 | D9: ='PLANILHA RESUMO'!D10 -> 0.042995297 | E9: =$C9*E10 -> 19702.79 | F9: =$C9*F10 -> 0 | G9: =$C9*G10 -> 0 | H9: =$C9*H10 -> 0 | I9: =$C9*I10 -> 0 | J9: =$C9*J10 -> 0 | K9: =C9-(SUM(E9:J9)) -> 0
E10: 1 | F10: 0 | G10: 0 | H10: 0 | I10: 0 | J10: 0 | K10: =SUM(E10:J10) -> 1
A11: 4 | B11: ='PLANILHA RESUMO'!B12 -> ESTRUTURAL | C11: =ORÇAMENTO!I16 -> 129098.18 | D11: ='PLANILHA RESUMO'!D10 -> 0.042995297 | E11: =$C11*E12 -> 129098.18 | F11: =$C11*F12 -> 0 | G11: =$C11*G12 -> 0 | H11: =$C11*H12 -> 0 | I11: =$C11*I12 -> 0 | J11: =$C11*J12 -> 0 | K11: =C11-(SUM(E11:J11)) -> 0
E12: 1 | F12: 0 | G12: 0 | H12: 0 | I12: 0 | J12: 0 | K12: =SUM(E12:J12) -> 1
A13: 5 | B13: ='PLANILHA RESUMO'!B14 -> PAREDES E PAINÉIS | C13: =ORÇAMENTO!I31 -> 12346.075 | D13: ='PLANILHA RESUMO'!D12 -> 0.28171719 | E13: =$C13*E14 -> 0 | F13: =$C13*F14 -> 6173.0375 | G13: =$C13*G14 -> 6173.0375 | H13: =$C13*H14 -> 0 | I13: =$C13*I14 -> 0 | J13: =$C13*J14 -> 0 | K13: =C13-(SUM(E13:J13)) -> 0
E14: 0 | F14: 0.5 | G14: 0.5 | H14: 0 | I14: 0 | J14: 0 | K14: =SUM(E14:J14) -> 1
A15: 6 | B15: ='PLANILHA RESUMO'!B16 -> ESQUADRIAS DE MADEIRA | C15: =ORÇAMENTO!I33 -> 11795.893 | D15: ='PLANILHA RESUMO'!D14 -> 0.026941523 | E15: =$C15*E16 -> 0 | F15: =$C15*F16 -> 0 | G15: =$C15*G16 -> 5897.9465 | H15: =$C15*H16 -> 5897.9465 | I15: =$C15*I16 -> 0 | J15: =$C15*J16 -> 0 | K15: =C15-(SUM(E15:J15)) -> 0
E16: 0 | F16: 0 | G16: 0.5 | H16: 0.5 | I16: 0 | J16: 0 | K16: =SUM(E16:J16) -> 1
A17: 7 | B17: ='PLANILHA RESUMO'!B18 -> ESQUADRIAS METÁLICAS | C17: =ORÇAMENTO!I39 -> 16404.871 | D17: ='PLANILHA RESUMO'!D16 -> 0.025740919 | E17: =$C17*E18 -> 0 | F17: =$C17*F18 -> 0 | G17: =$C17*G18 -> 0 | H17: =$C17*H18 -> 8202.4357 | I17: =$C17*I18 -> 8202.4357 | J17: =$C17*J18 -> 0 | K17: =C17-(SUM(E17:J17)) -> 0
E18: 0 | F18: 0 | G18: 0 | H18: 0.5 | I18: 0.5 | J18: 0 | K18: =SUM(E18:J18) -> 1
A19: 8 | B19: ='PLANILHA RESUMO'!B20 -> VIDROS E ESPELHOS | C19: =ORÇAMENTO!I45 -> 6280.18 | D19: ='PLANILHA RESUMO'!D18 -> 0.035798601 | E19: =$C19*E20 -> 0 | F19: =$C19*F20 -> 0 | G19: =$C19*G20 -> 0 | H19: =$C19*H20 -> 3140.09 | I19: =$C19*I20 -> 3140.09 | J19: =$C19*J20 -> 0 | K19: =C19-(SUM(E19:J19)) -> 0
E20: 0 | F20: 0 | G20: 0 | H20: 0.5 | I20: 0.5 | J20: 0 | K20: =SUM(E20:J20) -> 1
A21: 9 | B21: ='PLANILHA RESUMO'!B22 -> IMPERMEABILIZAÇÕES | C21: =ORÇAMENTO!I48 -> 5691.9453 | D21: ='PLANILHA RESUMO'!D20 -> 0.013704567 | E21: =$C21*E22 -> 0 | F21: =$C21*F22 -> 0 | G21: =$C21*G22 -> 0 | H21: =$C21*H22 -> 0 | I21: =$C21*I22 -> 5691.9453 | J21: =$C21*J22 -> 0 | K21: =C21-(SUM(E21:J21)) -> 0
E22: 0 | F22: 0 | G22: 0 | H22: 0 | I22: 1 | J22: 0 | K22: =SUM(E22:J22) -> 1
A23: 10 | B23: ='PLANILHA RESUMO'!B24 -> TETOS E FORROS | C23: =ORÇAMENTO!I51 -> 9024.16 | D23: ='PLANILHA RESUMO'!D22 -> 0.012420925 | E23: =$C23*E24 -> 0 | F23: =$C23*F24 -> 4512.08 | G23: =$C23*G24 -> 4512.08 | H23: 0 | I23: 0 | J23: 0 | K23: =C23-(SUM(E23:J23)) -> 0
E24: 0 | F24: 0.5 | G24: 0.5 | H24: 0 | I24: 0 | J24: 0 | K24: =SUM(E24:J24) -> 1
A25: 11 | B25: ='PLANILHA RESUMO'!B26 -> REVESTIMENTOS | C25: =ORÇAMENTO!I53 -> 33832.134 | D25: ='PLANILHA RESUMO'!D24 -> 0.019692462 | E25: =$C25*E26 -> 0 | F25: =$C25*F26 -> 0 | G25: =$C25*G26 -> 0 | H25: =$C25*H26 -> 0 | I25: =$C25*I26 -> 33832.134 | J25: =$C25*J26 -> 0 | K25: =C25-(SUM(E25:J25)) -> 0
E26: 0 | F26: 0 | G26: 0 | H26: 0 | I26: 1 | J26: 0 | K26: =SUM(E26:J26) -> 1
A27: 12 | B27: ='PLANILHA RESUMO'!B28 -> PISOS INTERNOS/EXTERNOS E MUROS | C27: =ORÇAMENTO!I60 -> 69976.522 | D27: ='PLANILHA RESUMO'!D26 -> 0.073828259 | E27: =$C27*E28 -> 0 | F27: =$C27*F28 -> 0 | G27: =$C27*G28 -> 0 | H27: =$C27*H28 -> 34988.261 | I27: =$C27*I28 -> 34988.261 | J27: =$C27*J28 -> 0 | K27: =C27-(SUM(E27:J27)) -> 0
E28: 0 | F28: 0 | G28: 0 | H28: 0.5 | I28: 0.5 | J28: 0 | K28: =SUM(E28:J28) -> 1
A29: 13 | B29: ='PLANILHA RESUMO'!B30 -> INSTALAÇÃO HIDROSSANITÁRIAS | C29: =ORÇAMENTO!I70 -> 36158.55 | D29: ='PLANILHA RESUMO'!D28 -> 0.1527023 | E29: =$C29*E30 -> 0 | F29: =$C29*F30 -> 0 | G29: =$C29*G30 -> 0 | H29: =$C29*H30 -> 0 | I29: =$C29*I30 -> 18079.275 | J29: =$C29*J30 -> 18079.275 | K29: =C29-(SUM(E29:J29)) -> 0
E30: 0 | F30: 0 | G30: 0 | H30: 0 | I30: 0.5 | J30: 0.5 | K30: =SUM(E30:J30) -> 1
A31: 14 | B31: ='PLANILHA RESUMO'!B32 -> INSTALAÇÕES ELÉTRICAS | C31: =ORÇAMENTO!I102 -> 21174.456 | D31: ='PLANILHA RESUMO'!D30 -> 0.078904947 | E31: =$C31*E32 -> 0 | F31: =$C31*F32 -> 0 | G31: =$C31*G32 -> 6352.3369 | H31: =$C31*H32 -> 6352.3369 | I31: =$C31*I32 -> 8469.7825 | J31: =$C31*J32 -> 0 | K31: =C31-(SUM(E31:J31)) -> 0
E32: 0 | F32: 0 | G32: 0.3 | H32: 0.3 | I32: 0.4 | J32: 0 | K32: =SUM(E32:J32) -> 1
A33: 15 | B33: ='PLANILHA RESUMO'!B34 -> OUTRAS INSTALAÇÕES | C33: =ORÇAMENTO!I124 -> 40537.783 | D33: ='PLANILHA RESUMO'!D32 -> 0.046206758 | E33: =$C33*E34 -> 0 | F33: =$C33*F34 -> 0 | G33: =$C33*G34 -> 12161.335 | H33: =$C33*H34 -> 12161.335 | I33: =$C33*I34 -> 16215.113 | J33: =$C33*J34 -> 0 | K33: =C33-(SUM(E33:J33)) -> 0
E34: 0 | F34: 0 | G34: 0.3 | H34: 0.3 | I34: 0.4 | J34: 0 | K34: =SUM(E34:J34) -> 1
A35: 16 | B35: ='PLANILHA RESUMO'!B36 -> PINTURA | C35: =ORÇAMENTO!I131 -> 8637.2955 | D35: ='PLANILHA RESUMO'!D34 -> 0.08846128 | E35: =$C35*E36 -> 0 | F35: =$C35*F36 -> 0 | G35: =$C35*G36 -> 0 | H35: =$C35*H36 -> 0 | I35: =$C35*I36 -> 4318.6477 | J35: =$C35*J36 -> 4318.6477 | K35: =C35-(SUM(E35:J35)) -> 0
E36: 0 | F36: 0 | G36: 0 | H36: 0 | I36: 0.5 | J36: 0.5 | K36: =SUM(E36:J36) -> 1
A37: 17 | B37: ='PLANILHA RESUMO'!B38 -> SERVIÇOS COMPLEMENTARES EXTERNOS | C37: =ORÇAMENTO!I135 -> 1882.06 | D37: ='PLANILHA RESUMO'!D36 -> 0.018848249 | E37: =$C37*E38 -> 0 | F37: =$C37*F38 -> 0 | G37: =$C37*G38 -> 0 | H37: =$C37*H38 -> 0 | I37: =$C37*I38 -> 0 | J37: =$C37*J38 -> 1882.06 | K37: =C37-(SUM(E37:J37)) -> 0
E38: 0 | F38: 0 | G38: 0 | H38: 0 | I38: 0 | J38: 1 | K38: =SUM(E38:J38) -> 1
B39: TOTAL COM BDI | C39: =SUM(C5:C38) -> 458254.54 | D39: =SUM(D5:D38) -> 0.96095858 | K39: =SUM(E39:J39) -> 0
A40: VALOR DO SERVIÇO EXECUTADO NO MÊS | D40: R$ | E40: =E37+E35+E33+E31+E29+E27+E25+E23+E21+E19+E17+E15+E13+E11+E7+E9 -> 184512.61 | F40: =F37+F35+F33+F31+F29+F27+F25+F23+F21+F19+F17+F15+F13+F11+F7+F9 -> 10685.118 | G40: =G37+G35+G33+G31+G29+G27+G25+G23+G21+G19+G17+G15+G13+G11+G7+G9 -> 35096.736 | H40: =H37+H35+H33+H31+H29+H27+H25+H23+H21+H19+H17+H15+H13+H11+H7+H9 -> 70742.405 | I40: =I37+I35+I33+I31+I29+I27+I25+I23+I21+I19+I17+I15+I13+I11+I7+I9 -> 132937.68 | J40: =J37+J35+J33+J31+J29+J27+J25+J23+J21+J19+J17+J15+J13+J11+J7+J9 -> 24279.983 | K40: =C39-(SUM(E40:J40)) -> 0
A41: PORCENTAGEM | D41: % | E41: =E40/$C$39 -> 0.40264219 | F41: =F40/$C$39 -> 0.023316992 | G41: =G40/$C$39 -> 0.076587863 | H41: =H40/$C$39 -> 0.15437361 | I41: =I40/$C$39 -> 0.29009573 | J41: =J40/$C$39 -> 0.052983617 | K41: =SUM(E41:J41) -> 1
A42: VALOR ACUMULADO DOS SERVIÇOS EXECUTADOS | D42: R$ | E42: =E40 -> 184512.61 | F42: =E42+F40 -> 195197.73 | G42: =F42+G40 -> 230294.46 | H42: =G42+H40 -> 301036.87 | I42: =H42+I40 -> 433974.55 | J42: =I42+J40 -> 458254.54
A43: PORCENTAGEM ACUMULADO | D43: % | E43: =E42/$C$39 -> 0.40264219 | F43: =F42/$C$39 -> 0.42595918 | G43: =G42/$C$39 -> 0.50254705 | H43: =H42/$C$39 -> 0.65692065 | I43: =I42/$C$39 -> 0.94701638 | J43: =J42/$C$39 -> 1
C48: CARLOS RAPHAEL MONTEIRO DE LEMOS
C49: Engenheiro Civil- CREA-ES 011840/D
C50: ES-011840/D

Sheet ORÇAMENTO
A1: PREFEITURA MUNICIPAL DE VILA PAVÃO
A2: OBRA: CONSTRUÇÃO DA ESCOLA TAMANDUÁ | D2: DATA BASE: SINAPI MAIO/2022 E DER-EDI ABRIL/2022 BDI: 20.66 % L.S. NÃO-DESONERADAS: 157,27% | E2: CONTRATADA: ML ENGENHARIA E PROJETOS | H2: RESPONSÁVEL TÉCNICO: CARLOS RAPHAEL MONTEIRO DE LEMOS
A3: ITEM | B3: ÓRGÃO | C3: CÓDIGO | D3: DESCRIÇÃO SERVIÇO | E3: UNID | F3: QUANT. | H3: PREÇOS R$
G4: UNIT. S/ BDI | H4: UNIT. C/ BDI | I4: TOTAL
A5: 1 | D5: LICITAÇÃO
A6: 2 | D6: SERVIÇOS PRELIMINARES | I6: =SUM(I7:I11) -> 35711.64
A7: 2.1 | B7: LABOR | C7: 020305 | D7: PLACA DE OBRA NAS DIMENSÕES DE 2.0 X 4.0 M, PADRÃO DER | E7: M2 | F7: ='MEMORIA DE CÁLCULO'!J5 -> 8 | G7: 273.81 | H7: =G7*J7 -> 330.37915 | I7: =ROUND(F7*H7,2) -> 2643.03 | J7: 1.2066
A8: 2.2 | B8: LABOR | C8: 20701 | D8: BARRACÃO PARA ESCRITÓRIO COM SANITÁRIO ÁREA DE 14.50 M2, DE CHAPA DE COMPENS. 12MM E PONTALETE 8X8CM, PISO CIMENTADO E COBERTURA DE TELHA DE FIBROC. 6MM, INCL. PONTO DE LUZ E CX. DE INSPEÇÃO, CONF. PROJETO (1 UTILIZAÇÃO) | E8: M2 | F8: ='MEMORIA DE CÁLCULO'!J6 -> 8 | G8: 857.71 | H8: =G8*J8 -> 1034.9129 | I8: =ROUND(F8*H8,2) -> 8279.3 | J8: 1.2066
A9: 2.3 | B9: LABOR | C9: 20713 | D9: REDE DE LUZ, INCL. PADRÃO ENTRADA DE ENERGIA TRIFÁS., CABO DE LIGAÇÃO ATÉ BARRACÕES, QUADRO DE DISTRIB., DISJ. E CHAVE DE FORÇA (QUANDO NECESSÁRIO), CONS. 20M ENTRE PADRÃO ENTRADA E QDG, CONF. PROJETO (1 UTILIZAÇÃO | E9: M | F9: 5 | G9: 574.69 | H9: =G9*J9 -> 693.42095 | I9: =ROUND(F9*H9,2) -> 3467.1 | J9: 1.2066
A10: 2.4 | B10: LABOR | C10: 20350 | D10: TAPUME TELHA METÁLICA ONDULADA EM AÇO GALVALUME 0,50MM BRANCA H=2,20M, INCL. MONTAGEM ESTR. MAD. 8"X8", C/ADESIVO "DER-ES" 60X60CM A CADA 10M, INCL. FAIXAS PINT. ESMALTE SINT. CORES AZUL C/ H=30CM E ROSA C/ H=10CM (REAPROVEITAMENTO 2X) | E10: M | F10: ='MEMORIA DE CÁLCULO'!J8 -> 76.81 | G10: 208.94 | H10: =G10*J10 -> 252.107 | I10: =ROUND(F10*H10,2) -> 19364.34 | J10: 1.2066
A11: 2.5 | B11: LABOR | C11: 10501 | D11: LOCAÇÃO DE OBRA COM GABARITO DE MADEIRA | E11: M2 | F11: =F136 -> 157.08 | G11: 10.33 | H11: =G11*J11 -> 12.464178 | I11: =ROUND(F11*H11,2) -> 1957.87 | J11: 1.2066
A12: 3 | D12: MOVIMENTAÇÃO DE TERRA | I12: =SUM(I13:I15) -> 19702.79
A13: 3.1 | B13: LABOR | C13: 30103 | D13: ESCAVAÇÃO MECÂNICA EM MATERIAL DE 1A. CATEGORIA | E13: M3 | F13: ='MEMORIA DE CÁLCULO'!J12 -> 172.21767 | G13: 12.4 | H13: =G13*J13 -> 14.96184 | I13: =ROUND(F13*H13,2) -> 2576.69 | J13: 1.2066
A14: 3.2 | B14: LABOR | C14: 30201 | D14: REATERRO APILOADO DE CAVAS DE FUNDAÇÃO, EM CAMADAS DE 20 CM | E14: M3 | F14: ='MEMORIA DE CÁLCULO'!J15 -> 15.867475 | G14: 49.63 | H14: =G14*J14 -> 59.883558 | I14: =ROUND(F14*H14,2) -> 950.2 | J14: 1.2066
A15: 3.3 | B15: LABOR | C15: 30208 | D15: ATERRO MANUAL PARA REGULARIZAÇÃO DO TERRENO EM ARGILA, INCLUSIVE ADENSAMENTO MANUAL E FORNECIMENTO DO MATERIAL (MÁXIMO DE 100M3) | E15: M3 | F15: ='MEMORIA DE CÁLCULO'!J18 -> 111.588 | G15: 120.14 | H15: =G15*J15 -> 144.96092 | I15: =ROUND(F15*H15,2) -> 16175.9 | J15: 1.2066
A16: 4 | D16: ESTRUTURAL | I16: =I17+I25 -> 129098.18
A17: 4.1 | D17: FUNDAÇÕES | I17: =SUM(I18:I24) -> 62993.98
A18: 4.1.1 | B18: LABOR | C18: 40231 | D18: FORNECIMENTO, PREPARO E APLICAÇÃO DE CONCRETO MAGRO COM CONSUMO MÍNIMO DE CIMENTO DE 250 KG/M3 (BRITA 1 E 2) - (5% DE PERDAS JÁ INCLUÍDO NO CUSTO) | E18: M3 | F18: ='MEMORIA DE CÁLCULO'!J23 -> 9.762975 | G18: 574.77 | H18: =G18*J18 -> 693.51748 | I18: =ROUND(F18*H18,2) -> 6770.79 | J18: 1.2066
A19: 4.1.2 | B19: LABOR | C19: 40253 | D19: FORNECIMENTO E APLICAÇÃO DE CONCRETO USINADO FCK=30 MPA - CONSIDERANDO LANÇAMENTO MANUAL PARA INFRA-ESTRUTURA (5% DE PERDAS JÁ INCLUÍDO NO CUSTO) | E19: M3 | F19: ='MEMORIA DE CÁLCULO'!J27 -> 30.63 | G19: 545.77 | H19: =G19*J19 -> 658.52608 | I19: =ROUND(F19*H19,2) -> 20170.65 | J19: 1.2066
A20: 4.1.3 | B20: LABOR | C20: 40206 | D20: FÔRMA DE TÁBUA DE MADEIRA DE 2.5 X 30.0 CM PARA FUNDAÇÕES, LEVANDO-SE EM CONTA A UTILIZAÇÃO 5 VEZES (INCLUIDO O MATERIAL, CORTE, MONTAGEM, ESCORAMENTO E DESFORMA) | E20: M2 | F20: ='MEMORIA DE CÁLCULO'!J32 -> 124.25 | G20: 71.64 | H20: =G20*J20 -> 86.440824 | I20: =ROUND(F20*H20,2) -> 10740.27 | J20: 1.2066
A21: 4.1.4 | B21: LABOR | C21: 040246 | D21: FORNECIMENTO, DOBRAGEM E COLOCAÇÃO EM FÔRMA, DE ARMADURA CA-60 B FINA, DIÂMETRO DE 4.0 A 7.0MM | E21: KG | F21: ='MEMORIA DE CÁLCULO'!J36 -> 67 | G21: 11.98 | H21: =G21*J21 -> 14.455068 | I21: =ROUND(F21*H21,2) -> 968.49 | J21: 1.2066
A22: 4.1.5 | B22: LABOR | C22: 040243 | D22: FORNECIMENTO, DOBRAGEM E COLOCAÇÃO EM FÔRMA, DE ARMADURA CA-50 A MÉDIA, DIÂMETRO DE 6.3 A 10.0 MM | E22: KG | F22: ='MEMORIA DE CÁLCULO'!J38 -> 364 | G22: 11.47 | H22: =G22*J22 -> 13.839702 | I22: =ROUND(F22*H22,2) -> 5037.65 | J22: 1.2066
A23: 4.1.6 | B23: LABOR | C23: 040245 | D23: FORNECIMENTO, DOBRAGEM E COLOCAÇÃO EM FÔRMA, DE ARMADURA CA-50 A GROSSA, DIÂMETRO DE 12.5 A 25.0MM | E23: KG | F23: ='MEMORIA DE CÁLCULO'!J42 -> 653 | G23: 11.73 | H23: =G23*J23 -> 14.153418 | I23: =ROUND(F23*H23,2) -> 9242.18 | J23: 1.2066
A24: 4.1.7 | B24: SINAPI | C24: 97088 | D24: ARMAÇÃO PARA EXECUÇÃO DE RADIER, PISO DE CONCRETO OU LAJE SOBRE SOLO, COM USO DE TELA Q-92. AF_09/2021 | E24: KG | F24: ='MEMORIA DE CÁLCULO'!J45 -> 275 | G24: 30.33 | H24: =G24*J24 -> 36.596178 | I24: =ROUND(F24*H24,2) -> 10063.95 | J24: 1.2066
A25: 4.2 | D25: SUPER-ESTRUTURA | I25: =SUM(I26:I30) -> 66104.2
A26: 4.2.1 | B26: LABOR | C26: 40331 | D26: FORNECIMENTO E APLICAÇÃO DE CONCRETO USINADO FCK=30 MPA - CONSIDERANDO BOMBEAMENTO (5% DE PERDAS JÁ INCLUÍDO NO CUSTO) (6% DE TAXA P/ CONCR. BOMBEAVEL) | E26: M3 | F26: ='MEMORIA DE CÁLCULO'!J48 -> 24.31 | G26: 487.73 | H26: =G26*J26 -> 588.49502 | I26: =ROUND(F26*H26,2) -> 14306.31 | J26: 1.2066
A27: 4.2.2 | B27: LABOR | C27: 40337 | D27: FÔRMA EM CHAPA DE MADEIRA COMPENSADA PLASTIFICADA 12MM PARA ESTRUTURA EM GERAL, 5 REAPROVEITAMENTOS, REFORÇADA COM SARRAFOS DE MADEIRA 2.5X10CM (INCL MATERIAL, CORTE, MONTAGEM, ESCORAS EM EUCALIPTO E DESFORMA) | E27: M2 | F27: ='MEMORIA DE CÁLCULO'!J52 -> 239.76 | G27: 104.01 | H27: =G27*J27 -> 125.49847 | I27: =ROUND(F27*H27,2) -> 30089.51 | J27: 1.2066
A28: 4.2.3 | B28: LABOR | C28: 40333 | D28: FORNECIMENTO, DOBRAGEM E COLOCAÇÃO EM FÔRMA, DE ARMADURA CA-60 B FINA, DIÂMETRO DE 4.0 A 7.0MM | E28: KG | F28: ='MEMORIA DE CÁLCULO'!J56 -> 48 | G28: 11.98 | H28: =G28*J28 -> 14.455068 | I28: =ROUND(F28*H28,2) -> 693.84 | J28: 1.2066
A29: 4.2.4 | B29: LABOR | C29: 040328 | D29: FORNECIMENTO, DOBRAGEM E COLOCAÇÃO EM FÔRMA, DE ARMADURA CA-50 A MÉDIA, DIÂMETRO DE 6.3 A 10.0 MM | E29: KG | F29: ='MEMORIA DE CÁLCULO'!J58 -> 1003 | G29: 11.47 | H29: =G29*J29 -> 13.839702 | I29: =ROUND(F29*H29,2) -> 13881.22 | J29: 1.2066
A30: 4.2.5 | B30: LABOR | C30: 040332 | D30: FORNECIMENTO, DOBRAGEM E COLOCAÇÃO EM FÔRMA, DE ARMADURA CA-50 A GROSSA, DIÂMETRO DE 12.5 A 25.0M | E30: KG | F30: ='MEMORIA DE CÁLCULO'!J61 -> 504 | G30: 11.73 | H30: =G30*J30 -> 14.153418 | I30: =ROUND(F30*H30,2) -> 7133.32 | J30: 1.2066
A31: 5 | D31: PAREDES E PAINÉIS | I31: =SUM(I32:I32) -> 12346.075
A32: 5.1 | B32: LABOR | C32: 50602 | D32: ALVENARIA DE BLOCOS DE CONCRETO 14X19X39CM, C/ RESIST. MÍNIMO A COMPRES. 2.5 MPA, ASSENT. C/ ARG. DE CIMENTO, CAL HIDRATADA CH1 E AREIA NO TRAÇO 1:0.5:8 ESP. DAS JUNTAS 10MM E ESP. DAS PAREDES, S/ REV. 14CM | E32: M2 | F32: ='MEMORIA DE CÁLCULO'!J64 -> 148.5715 | G32: 68.87 | H32: =G32*J32 -> 83.098542 | I32: =H32*F32 -> 12346.075 | J32: 1.2066
A33: 6 | D33: ESQUADRIAS DE MADEIRA | I33: =SUM(I34:I38) -> 11795.893
A34: 6.1 | B34: LABOR | C34: 61303 | D34: PORTA EM MADEIRA DE LEI TIPO ANGELIM PEDRA OU EQUIV.C/ENCHIMENTO EM MADEIRA 1A.QUALIDADE ESP. 30MM P/ PINTURA, INCLUSIVE ALIZARES, DOBRADIÇAS E FECHADURA EXTERNA EM LATÃO CROMADO LAFONTE OU EQUIV., EXCLUSIVE MARCO, NAS DIM.: 0.80 X 2.10 M | E34: UNIDADE | F34: ='MEMORIA DE CÁLCULO'!J77 -> 4 | G34: 959.71 | H34: =G34*J34 -> 1157.9861 | I34: =H34*F34 -> 4631.9443 | J34: 1.2066
A35: 6.2 | B35: LABOR | C35: 60103 | D35: MARCO DE MADEIRA DE LEI DE 1ª (PEROBA, IPÊ, ANGELIM PEDRA OU EQUIVALENTE) COM 15X3 CM DE BATENTE, NAS DIMENSÕES DE 0.80 X 2.10 M | E35: UNIDADE | F35: ='MEMORIA DE CÁLCULO'!J79 -> 4 | G35: 379.79 | H35: =G35*J35 -> 458.25461 | I35: =H35*F35 -> 1833.0185 | J35: 1.2066
A36: 6.3 | B36: LABOR | C36: 61304 | D36: PORTA EM MADEIRA DE LEI TIPO ANGELIM PEDRA OU EQUIV.C/ENCHIMENTO EM MADEIRA 1A.QUALIDADE ESP. 30MM P/ PINTURA, INCLUSIVE ALIZARES, DOBRADIÇAS E FECHADURA EXTERNA EM LATÃO CROMADO LAFONTE OU EQUIV., EXCLUSIVE MARCO, NAS DIM.: 0.90 X 2.10 M | E36: UNIDADE | F36: ='MEMORIA DE CÁLCULO'!J81 -> 3 | G36: 1039.71 | H36: =G36*J36 -> 1254.5141 | I36: =H36*F36 -> 3763.5423 | J36: 1.2066
A37: 6.4 | B37: LABOR | C37: 60108 | D37: MARCO DE MADEIRA DE LEI DE 1ª (PEROBA, IPÊ, ANGELIM PEDRA OU EQUIVALENTE) COM 15 X 3 CM DE BATENTE, NAS DIMENSÕES DE 0.90 X 2.10 M | E37: UNIDADE | F37: ='MEMORIA DE CÁLCULO'!J83 -> 3 | G37: 379.79 | H37: =G37*J37 -> 458.25461 | I37: =H37*F37 -> 1374.7638 | J37: 1.2066
A38: 6.5 | B38: LABOR | C38: 50301 | D38: VERGA/CONTRAVERGA RETA DE CONCRETO ARMADO 10 X 5 CM, FCK = 15 MPA, INCLUSIVE FORMA, ARMAÇÃO E DESFORMA | E38: M | F38: ='MEMORIA DE CÁLCULO'!J85 -> 17.64 | G38: 9.05 | H38: =G38*J38 -> 10.91973 | I38: =H38*F38 -> 192.62404 | J38: 1.2066
A39: 7 | D39: ESQUADRIAS METÁLICAS | I39: =SUM(I40:I44) -> 16404.871
A40: 7.1 | B40: LABOR | C40: 71702 | D40: BÁSCULA PARA VIDRO EM ALUMÍNIO ANODIZADO COR NATURAL, LINHA 25, COMPLETA, COM TRANCA, CAIXILHO, ALIZAR E CONTRAMARCO, EXCLUSIVE VIDRO | E40: M2 | F40: ='MEMORIA DE CÁLCULO'!J89 -> 4.27 | G40: 597.91 | H40: =G40*J40 -> 721.43821 | I40: =H40*F40 -> 3080.5411 | J40: 1.2066
A41: 7.2 | B41: LABOR | C41: 71701 | D41: JANELA DE CORRER PARA VIDRO EM ALUMÍNIO ANODIZADO COR NATURAL, LINHA 25, COMPLETA, INCL. PUXADOR COM TRANCA, ALIZAR, CAIXILHO E CONTRAMARCO, EXCLUSIVE VIDRO | E41: M2 | F41: ='MEMORIA DE CÁLCULO'!J91 -> 9.9 | G41: 511.62 | H41: =G41*J41 -> 617.32069 | I41: =H41*F41 -> 6111.4749 | J41: 1.2066
A42: 7.3 | B42: LABOR | C42: 71703 | D42: JANELA TIPO MAXIM-AR PARA VIDRO EM ALUMÍNIO ANODIZADO NATURAL, LINHA 25, COMPLETA, INCL. PUXADOR COM TRANCA, CAIXILHO, ALIZAR E CONTRAMARCO, EXCLUSIVE VIDRO (GUILHOTINA) | E42: M2 | F42: ='MEMORIA DE CÁLCULO'!J93 -> 1.65 | G42: 429.72 | H42: =G42*J42 -> 518.50015 | I42: =H42*F42 -> 855.52525 | J42: 1.2066
A43: 7.4 | B43: LABOR | C43: 71105 | D43: GRADE DE FERRO EM BARRA CHATA, INCLUSIVE CHUMBAMENTO | E43: M2 | F43: 7.12 | G43: 337.2 | H43: =G43*J43 -> 406.86552 | I43: =H43*F43 -> 2896.8825 | J43: 1.2066
A44: 7.5 | B44: LABOR | C44: 71107 | D44: PORTÃO DE FERRO DE ABRIR EM BARRA CHATA, CHAPA E TUBO, INCLUSIVE CHUMBAMENTO | E44: M2 | F44: ='MEMORIA DE CÁLCULO'!J97 -> 2.88 | G44: 995.81 | H44: =G44*J44 -> 1201.5443 | I44: =H44*F44 -> 3460.4477 | J44: 1.2066
A45: 8 | D45: VIDROS E ESPELHOS | I45: =SUM(I46:I47) -> 6280.18
A46: 8.1 | B46: LABOR | C46: 80102 | D46: VIDRO PLANO TRANSPARENTE LISO, COM 4 MM DE ESPESSURA | E46: M2 | F46: ='MEMORIA DE CÁLCULO'!J100 -> 15.82 | G46: 315.73 | H46: =G46*J46 -> 364.88916 | I46: =H46*F46 -> 5772.5465 | J46: 1.1557
A47: 8.2 | B47: LABOR | C47: 80201 | D47: ESPELHO PARA BANHEIROS ESPESSURA 4 MM, INCLUINDO CHAPA COMPENSADA 10 MM, MOLDURA DE ALUMÍNIO EM PERFIL L 3/4", FIXADO COM PARAFUSOS CROMADOS | E47: M2 | F47: ='MEMORIA DE CÁLCULO'!J104 -> 0.6 | G47: 701.19 | H47: =G47*J47 -> 846.05585 | I47: =H47*F47 -> 507.63351 | J47: 1.2066
A48: 9 | D48: IMPERMEABILIZAÇÕES | I48: =SUM(I49:I50) -> 5691.9453
A49: 9.1 | B49: LABOR | C49: 100204 | D49: IMPERMEABILIZAÇÃO, EMPREGANDO ARGAMASSA DE CIMENTO E AREIA SEM PENEIRAR NO TRAÇO 1:3 COM ADITIVO IMPERMEABILIZADO TIPO SIKA 1 OU EQUIVALENTE, ESPESSURA DE 2 CM | E49: M2 | F49: ='MEMORIA DE CÁLCULO'!J108 -> 22.856 | G49: 37.9 | H49: =G49*J49 -> 45.73014 | I49: =H49*F49 -> 1045.2081 | J49: 1.2066
A50: 9.2 | B50: SINAPI | C50: 98562 | D50: IMPERMEABILIZAÇÃO DE FLOREIRA OU VIGA BALDRAME COM ARGAMASSA DE CIMENTO E AREIA, COM ADITIVO IMPERMEABILIZANTE, E = 2 CM. AF_06/2018 | E50: M2 | F50: ='MEMORIA DE CÁLCULO'!J113 -> 99 | G50: 38.9 | H50: =G50*J50 -> 46.93674 | I50: =H50*F50 -> 4646.7373 | J50: 1.2066
A51: 10 | D51: TETOS E FORROS | I51: =I52 -> 9024.16
A52: 10.1 | B52: LABOR | C52: 110201 | D52: FORRO DE GESSO ACABAMENTO TIPO LISO | E52: M2 | F52: ='MEMORIA DE CÁLCULO'!J117 -> 140.24 | G52: 53.33 | H52: =G52*J52 -> 64.347978 | I52: =ROUND(F52*H52,2) -> 9024.16 | J52: 1.2066
A53: 11 | D53: REVESTIMENTOS | I53: =SUM(I54:I59) -> 33832.134
A54: 11.1 | B54: LABOR | C54: 120302 | D54: REBOCO DE ARGAMASSA DE CIMENTO, CAL HIDRATADA CH1 E AREIA MÉDIA OU GROSSA LAVADA NO TRAÇO 1:0.5:6, ESPESSURA 5MM | E54: M2 | F54: ='MEMORIA DE CÁLCULO'!J120 -> 125.6025 | G54: 19.93 | H54: =G54*J54 -> 24.047538 | I54: =H54*F54 -> 3020.4309 | J54: 1.2066
A55: 11.2 | B55: LABOR | C55: 120308 | D55: CHAPISCO DE ARGAMASSA DE CIMENTO E AREIA MÉDIA OU GROSSA LAVADA NO TRAÇO 1:3, ESPESSURA 5MM, COM UTILIZAÇÃO DE IMPERMEABILIZANTE | E55: M2 | F55: ='MEMORIA DE CÁLCULO'!J122 -> 297.143 | G55: 6.62 | H55: =G55*J55 -> 7.987692 | I55: =H55*F55 -> 2373.4868 | J55: 1.2066
A56: 11.3 | B56: LABOR | C56: 120232 | D56: CERÂMICA 10 X 10 CM, REF CAMBURI BRANCO ELIANE, CECRISA OU PORTOBELLO, EMPREGANDO ARGAMASSA COLANTE, INCLUSIVE REJUNTAMENTO JUNTA PLUS CINZA CLARO ESP. 3 MM | E56: M2 | F56: ='MEMORIA DE CÁLCULO'!J124 -> 129.2845 | G56: 88.94 | H56: =G56*J56 -> 107.315 | I56: =H56*F56 -> 13874.167 | J56: 1.2066
A57: 11.4 | B57: SINAPI | C57: 87273 | D57: REVESTIMENTO CERÂMICO PARA PAREDES INTERNAS COM PLACAS TIPO ESMALTADA EXTRA DE DIMENSÕES 33X45 CM APLICADAS EM AMBIENTES DE ÁREA MAIOR QUE 5 M² NA ALTURA INTEIRA DAS PAREDES. AF_06/2014 | E57: M2 | F57: ='MEMORIA DE CÁLCULO'!J127 -> 42.256 | G57: 66.09 | H57: =G57*J57 -> 79.744194 | I57: =H57*F57 -> 3369.6707 | J57: 1.2066
A58: 11.5 | B58: LABOR | C58: 190103 | D58: EMASSAMENTO DE PAREDES E FORROS, COM DUAS DEMÃOS DE MASSA ACRÍLICA, MARCAS DE REFERÊNCIA SUVINIL, CORAL OU METALATEX | E58: M2 | F58: ='MEMORIA DE CÁLCULO'!J129 -> 265.8425 | G58: 16.47 | H58: =G58*J58 -> 19.872702 | I58: =H58*F58 -> 5283.0088 | J58: 1.2066
A59: 11.6 | B59: LABOR | C59: 120301 | D59: EMBOÇO DE ARGAMASSA DE CIMENTO, CAL HIDRATADA CH1 E AREIA MÉDIA OU GROSSA LAVADA NO TRAÇO 1:0.5:6, ESPESSURA 20 MM | E59: M2 | F59: ='MEMORIA DE CÁLCULO'!J132 -> 171.5405 | G59: 28.56 | H59: =G59*J59 -> 34.460496 | I59: =H59*F59 -> 5911.3707 | J59: 1.2066
A60: 12 | D60: PISOS INTERNOS/EXTERNOS E MUROS | I60: =SUM(I61:I69) -> 69976.522
A61: 12.1 | B61: LABOR | C61: 130236 | D61: PISO CERÂMICO ESMALTADO, PEI 5, ACABAMENTO SEMIBRILHO, DIM. 45X45CM, REF. DE COR CARGO PLUS WHITE ELIANE/EQUIV. ASSENTADO COM ARGAMASSA DE CIMENTO COLANTE, INCLUSIVE REJUNTAMENTO | E61: M2 | F61: ='MEMORIA DE CÁLCULO'!J135 -> 135.05 | G61: 76.6 | H61: =G61*J61 -> 92.42556 | I61: =H61*F61 -> 12482.072 | J61: 1.2066
A62: 12.2 | B62: LABOR | C62: 130219 | D62: PISO CERÂMICO 45X45CM, PEI 5, CARGO PLUS GRAY, MARCAS DE REFERÊNCIA ELIANE, CECRISA OU PORTOBELLO, ASSENTADO COM ARGAMASSA DE CIMENTO COLANTE, INCLUSIVE REJUNTAMENTO | E62: M2 | F62: ='MEMORIA DE CÁLCULO'!J137 -> 7.2 | G62: 69.76 | H62: =G62*J62 -> 84.172416 | I62: =H62*F62 -> 606.0414 | J62: 1.2066
A63: 12.3 | B63: SINAPI | C63: 98671 | D63: PISO EM GRANITO APLICADO EM AMBIENTES INTERNOS. AF_09/2020 | E63: M2 | F63: 3.24 | G63: 251.37 | H63: =G63*J63 -> 303.30304 | I63: =H63*F63 -> 982.70186 | J63: 1.2066
A64: 12.4 | B64: LABOR | C64: 200124 | D64: MURO DE ALVENARIA DE BLOCOS CERÂMICOS 10X20X20CM, C/ PILARES A CADA 2 M, ESP. 10CM E H=2.5M, REVESTIDO COM CHAPISCO, REBOCO E PINTURA ACRÍLICA A 2 DEMÃOS, INCL. PILARES, CINTAS E SAPATAS, EMPREGANDO ARG. CIMENTO CAL E AREIA | E64: M2 | F64: =36.31 -> 36.31 | G64: 822.44 | H64: =G64*J64 -> 992.3561 | I64: =H64*F64 -> 36032.45 | J64: 1.2066
A65: 12.5 | B65: SINAPI | C65: COMP.02 | D65: ALAMBRADO SOLDADO 25X1M FIO 2.3MMX12 EM MOURÕES DE CONCRETO, COM TELA DE ARAME GALVANIZADO | E65: M2 | F65: ='MEMORIA DE CÁLCULO'!J141 -> 81 | G65: ='Composição de Custos'!F23 -> 63.284424 | H65: =G65*J65 -> 76.358986 | I65: =H65*F65 -> 6185.0778 | J65: 1.2066
A66: 12.6 | B66: SINAPI | C66: COMP.03 | D66: MURETA EM ALVENARIA DE BLOCOS CERÂMICOS 10X20X20CMM, H=0.40CM, INCLUSIVE CHAPISCO | E66: M2 | F66: ='MEMORIA DE CÁLCULO'!J142 -> 16.2 | G66: ='Composição de Custos'!F33 -> 132.52362 | H66: =G66*J66 -> 159.903 | I66: =H66*F66 -> 2590.4286 | J66: 1.2066
A67: 12.7 | B67: SINAPI | C67: 94992 | D67: EXECUÇÃO DE PASSEIO (CALÇADA) OU PISO DE CONCRETO COM CONCRETO MOLDADO IN LOCO, USINADO, ACABAMENTO CONVENCIONAL, ESPESSURA 6 CM, ARMADO. AF_07/2016 | E67: M2 | F67: 32.11 | G67: 107.89 | H67: =G67*J67 -> 130.18007 | I67: =H67*F67 -> 4180.0822 | J67: 1.2066
A68: 12.8 | B68: LABOR | C68: 130209 | D68: PISO DE CIMENTADO CAMURÇADO EXECUTADO COM ARGAMASSA DE CIMENTO E AREIA NO TRAÇO 1:3, ESP. 3.0CM | E68: M2 | F68: ='MEMORIA DE CÁLCULO'!J145 -> 42.26 | G68: 88.35 | H68: =G68*J68 -> 106.60311 | I68: =H68*F68 -> 4505.0474 | J68: 1.2066
A69: 12.9 | B69: SINAPI | C69: COMP.04 | D69: MOURAO DE CONCRETO RETO, SECAO QUADRADA, *10 X 10* CM, H= 3,00 | E69: UNIDADE | F69: ='MEMORIA DE CÁLCULO'!J148 -> 16 | G69: ='Composição de Custos'!F42 -> 124.97 | H69: =G69*J69 -> 150.7888 | I69: =H69*F69 -> 2412.6208 | J69: 1.2066
A70: 13 | D70: INSTALAÇÃO HIDROSSANITÁRIAS | I70: =SUM(I71:I101) -> 36158.55
A71: 13.1 | B71: LABOR | C71: 141101 | D71: CAIXAS DE INSPEÇÃO DE ALV. BLOCOS CONCRETO 9X19X39CM, DIM, 60X60CM E HMÁX = 1M, COM TAMPA DE CONC. ESP. 5CM, LASTRO DE CONC. ESP. 10CM, REVEST INTERN. C/ CHAPISCO E REBOCO IMPERMEABILIZADO, INCL. ESCAVAÇÃO, REATERRO E ENCHIMENTO | E71: UNIDADE | F71: ='MEMORIA DE CÁLCULO'!J152 -> 3 | G71: 485.2 | H71: =G71*J71 -> 585.44232 | I71: =ROUND(F71*H71,2) -> 1756.33 | J71: 1.2066
A72: 13.2 | B72: LABOR | C72: 141104 | D72: CAIXA DE GORDURA DE ALV. BLOCO CONCRETO 9X19X39CM, DIM.60X60CM E HMÁX=1M, COM TAMPA EM CONCRETO ESP.5CM, LASTRO CONCRETO ESP.10CM, REVESTIDA INTERN. C/ CHAPISCO E REBOCO IMPERMEAB, ESCAVAÇÃO, REATERRO E PAREDE INTERNA EM CONCRETO | E72: UNIDADE | F72: ='MEMORIA DE CÁLCULO'!J153 -> 1 | G72: 522.15 | H72: =G72*J72 -> 630.02619 | I72: =ROUND(F72*H72,2) -> 630.03 | J72: 1.2066
A73: 13.3 | B73: LABOR | C73: 141103 | D73: CAIXA SIFONADA ESPECIAL DE ALV. BLOCO CONC.9X19X39CM, DIM 60X60CM E HMÁX=1M, C/ TAMPA EM CONCRETO ESP.5CM, LASTRO CONC.ESP.10CM, REVEST. INTERN. C/CHAP. E REB. IMPERMEAB. ESCAV, REATERRO E CURVA CURTA C/ VISITA E PLUG EM PVC 100MM | E73: UNIDADE | F73: ='MEMORIA DE CÁLCULO'!J154 -> 1 | G73: 557.47 | H73: =G73*J73 -> 672.6433 | I73: =ROUND(F73*H73,2) -> 672.64 | J73: 1.2066
A74: 13.4 | B74: LABOR | C74: 141410 | D74: TUBO DE PVC RÍGIDO SOLDÁVEL MARROM, DIÂM. 25MM (3/4"), INCLUSIVE CONEXÕES | E74: M | F74: ='MEMORIA DE CÁLCULO'!J155 -> 54.78 | G74: 21.27 | H74: =G74*J74 -> 25.664382 | I74: =ROUND(F74*H74,2) -> 1405.89 | J74: 1.2066
A75: 13.5 | B75: LABOR | C75: 141411 | D75: TUBO DE PVC RIGIDO SOLDÁVEL MARROM, DIÂM. 32MM (1"), INCLUSIVE CONEXÕES | E75: M | F75: ='MEMORIA DE CÁLCULO'!J156 -> 1.15 | G75: 30.09 | H75: =G75*J75 -> 36.306594 | I75: =ROUND(F75*H75,2) -> 41.75 | J75: 1.2066
A76: 13.6 | B76: LABOR | C76: 141413 | D76: TUBO DE PVC RÍGIDO SOLDÁVEL MARROM, DIÂM. 50MM (11/2"), INCLUSIVE CONEXÕES | E76: M | F76: ='MEMORIA DE CÁLCULO'!J157 -> 64.94 | G76: 45.36 | H76: =G76*J76 -> 54.731376 | I76: =ROUND(F76*H76,2) -> 3554.26 | J76: 1.2066
A77: 13.7 | B77: LABOR | C77: 141414 | D77: TUBO DE PVC RÍGIDO SOLDÁVEL MARROM, DIÂM. 60MM (2"), INCLUSIVE CONEXÕES | E77: M | F77: ='MEMORIA DE CÁLCULO'!J158 -> 2.68 | G77: 69.57 | H77: =G77*J77 -> 83.943162 | I77: =ROUND(F77*H77,2) -> 224.97 | J77: 1.2066
A78: 13.8 | B78: LABOR | C78: 141906 | D78: TUBO DE PVC RÍGIDO SOLDÁVEL BRANCO, PARA ESGOTO, DIÂMETRO 40MM (1 1/2"), INCLUSIVE CONEXÕES | E78: M | F78: ='MEMORIA DE CÁLCULO'!J159 -> 8.81 | G78: 31.85 | H78: =G78*J78 -> 38.43021 | I78: =ROUND(F78*H78,2) -> 338.57 | J78: 1.2066
A79: 13.9 | B79: LABOR | C79: 141907 | D79: TUBO DE PVC RÍGIDO SOLDÁVEL BRANCO, PARA ESGOTO, DIÂMETRO 50MM (2"), INCLUSIVE CONEXÕES | E79: M | F79: ='MEMORIA DE CÁLCULO'!J160 -> 17.5 | G79: 41.37 | H79: =G79*J79 -> 49.917042 | I79: =ROUND(F79*H79,2) -> 873.55 | J79: 1.2066
A80: 13.10 | B80: LABOR | C80: 141908 | D80: TUBO DE PVC RÍGIDO SOLDÁVEL BRANCO, PARA ESGOTO, DIÂMETRO 75MM (3"), INCLUSIVE CONEXÕES | E80: M | F80: ='MEMORIA DE CÁLCULO'!J161 -> 20.47 | G80: 63.36 | H80: =G80*J80 -> 76.450176 | I80: =ROUND(F80*H80,2) -> 1564.94 | J80: 1.2066
A81: 13.11 | B81: LABOR | C81: 141909 | D81: TUBO DE PVC RÍGIDO SOLDÁVEL BRANCO, PARA ESGOTO, DIÂMETRO 100MM (4"), INCLUSIVE CONEXÕES | E81: M | F81: ='MEMORIA DE CÁLCULO'!J162 -> 18.12 | G81: 70.53 | H81: =G81*J81 -> 85.101498 | I81: =ROUND(F81*H81,2) -> 1542.04 | J81: 1.2066
A82: 13.12 | B82: LABOR | C82: 141910 | D82: TUBO DE PVC RÍGIDO SOLDÁVEL BRANCO, PARA ESGOTO, DIÂMETRO 150MM (6"), INCLUSIVE CONEXÕES | E82: M | F82: ='MEMORIA DE CÁLCULO'!J163 -> 1.16 | G82: 115.57 | H82: =G82*J82 -> 139.44676 | I82: =ROUND(F82*H82,2) -> 161.76 | J82: 1.2066
A83: 13.13 | B83: LABOR | C83: 142111 | D83: CAIXA SIFONADA EM PVC, DIÂM. 150MM, COM GRELHA E PORTA GRELHA QUADRADOS, EM AÇO INOX | E83: UNIDADE | F83: 4 | G83: 106.3 | H83: =G83*J83 -> 128.26158 | I83: =ROUND(F83*H83,2) -> 513.05 | J83: 1.2066
A84: 13.14 | B84: LABOR | C84: 142114 | D84: TAMPA PARA CAIXA SIFONADA, EM PVC, DE 150X150MM | E84: UNIDADE | F84: 4 | G84: 22.38 | H84: =G84*J84 -> 27.003708 | I84: =ROUND(F84*H84,2) -> 108.01 | J84: 1.2066
A85: 13.15 | B85: LABOR | C85: 170548 | D85: RESERVATÓRIO DE POLIETILENO DE 1500L, INCLUSIVE PEÇA 6X16CM PARA APOIO, EXCLUSIVE FLANGES E TORNEIRA DE BÓIA | E85: UNIDADE | F85: 2 | G85: 1539.61 | H85: =G85*J85 -> 1857.6934 | I85: =ROUND(F85*H85,2) -> 3715.39 | J85: 1.2066
A86: 13.16 | B86: LABOR | C86: 141522 | D86: ADAPTADOR DE PVC SOLDÁVEL COM FLANGES LIVRES PARA CAIXA D'ÁGUA, DIÂMETRO 25MM (3/4") | E86: UNIDADE | F86: 2 | G86: 21.04 | H86: =G86*J86 -> 25.386864 | I86: =ROUND(F86*H86,2) -> 50.77 | J86: 1.2066
A87: 13.17 | B87: LABOR | C87: 142119 | D87: TORNEIRA DE BÓIA DE PVC, DIÂM. 3/4" (20MM) | E87: UNIDADE | F87: 2 | G87: 76.88 | H87: =G87*J87 -> 92.763408 | I87: =ROUND(F87*H87,2) -> 185.53 | J87: 1.2066
A88: 13.18 | B88: LABOR | C88: 170135 | D88: BACIA SIFONADA DE LOUÇA BRANCA PARA PORTADORES DE NECESSIDADES ESPECIAIS, VOGUE PLUS CONFORTO - LINHA CONFORTO, MOD P51, INCL. ASSENTO COM ABERTURA FRONTAL, REF.AP52,MARCA DE REF. DECA OU EQUIVALENTE | E88: UNIDADE | F88: 2 | G88: 2592.11 | H88: =G88*J88 -> 3127.6399 | I88: =ROUND(F88*H88,2) -> 6255.28 | J88: 1.2066
A89: 13.19 | B89: LABOR | C89: 170557 | D89: BEBEDOURO EM AÇO INOX COLETIVO, MARCAS DE REFERÊNCIA FISHER, METALPRESS OU MEKAL, INCLUSIVE BASE DE APOIO EM CONCRETO E FECHAMENTO EM ALVENARIA REVESTIDA COM AZULEJO, INCLUSIVE VÁLVULA E SIFÃO, EXCLUSIVE TORNEIRAS | E89: UNIDADE | F89: 1 | G89: 2132.67 | H89: =G89*J89 -> 2573.2796 | I89: =ROUND(F89*H89,2) -> 2573.28 | J89: 1.2066
A90: 13.20 | B90: LABOR | C90: 170519 | D90: DUCHA MANUAL ACQUA JET , LINHA AQUARIUS, COM REGISTRO REF.C 2195, MARCAS DE REFERÊNCIA FABRIMAR, DECA OU DOCOL | E90: UNIDADE | F90: 2 | G90: 336.3 | H90: =G90*J90 -> 405.77958 | I90: =ROUND(F90*H90,2) -> 811.56 | J90: 1.2066
A91: 13.21 | B91: LABOR | C91: 170131 | D91: LAVATÓRIO DE LOUÇA BRANCA COM COLUNA SUSPENSA - REF L51 + CS 1V, COR BRANCA, INCLUSIVE SIFÃO, VÁLVULA E ENGATES CROMADOS, EXCLUSIVE TORNEIRA, PARA PNE | E91: UNIDADE | F91: 1 | G91: 1124.86 | H91: =G91*J91 -> 1357.2561 | I91: =ROUND(F91*H91,2) -> 1357.26 | J91: 1.2066
A92: 13.22 | B92: LABOR | C92: 170546 | D92: TANQUE EM MÁRMORE SINTÉTICO COM 2 BOJOS, INCLUSIVE VÁLVULA E SIFÃO EM PVC | E92: UNIDADE | F92: 1 | G92: 313.59 | H92: =G92*J92 -> 378.37769 | I92: =ROUND(F92*H92,2) -> 378.38 | J92: 1.2066
A93: 13.23 | B93: LABOR | C93: 170132 | D93: LAVÁTORIO DE CANTO COLEÇÃO MASTER - REF. L76 MARCA DE REF. DECA OU EQUIVALENTE, INCLUSIVE VÁLVULA, SIFÃO E ENGATES CROMADOS, EXCLUSIVE TORNEIRA,PARA PNE | E93: UNIDADE | F93: 2 | G93: 1696.67 | H93: =G93*J93 -> 2047.202 | I93: =ROUND(F93*H93,2) -> 4094.4 | J93: 1.2066
A94: 13.24 | B94: LABOR | C94: 170304 | D94: TORNEIRA PRESSÃO CROMADA DIÂM. 1/2" PARA LAVATÓRIO, MARCAS DE REFERÊNCIA FABRIMAR, DECA OU DOCO | E94: UNIDADE | F94: 1 | G94: 181.27 | H94: =G94*J94 -> 218.72038 | I94: =ROUND(F94*H94,2) -> 218.72 | J94: 1.2066
... A101: 13.31 | B101: LABOR | C101: 170602 | D101: BARRA DE APOIO RETA EM AÇO INOX 304 P/ PORTADORES DE NECESSIDADES ESPECIAIS (NBR 9050), LARGURA 60 CM | E101: UNIDADE | F101: 4 | G101: 165.83 | H101: =G101*J101 -> 200.09048 | I101: =ROUND(F101*H101,2) -> 800.36 | J101: 1.2066
A102: 14 | D102: INSTALAÇÕES ELÉTRICAS | I102: =SUM(I103:I123) -> 21174.456
A103: 14.1 | B103: LABOR | C103: 150309 | D103: QUADRO DE DISTRIBUIÇÃO DE ENERGIA, DE EMBUTIR, COM 32 DIVISÕES MODULARES, COM BARRAMENTO | E103: UNIDADE | F103: 1 | G103: 628.51 | H103: =G103*J103 -> 758.36017 | I103: =F103*H103 -> 758.36017 | J103: 1.2066
A104: 14.2 | B104: LABOR | C104: 151301 | D104: MINI-DISJUNTOR MONOPOLAR 16 A, CURVA C - 5KA 220/127VCA (NBR IEC 60947-2), REF. SIEMENS, GE, SCHNEIDER OU EQUIVALENTE | E104: UNIDADE | F104: 15 | G104: 19.36 | H104: =G104*J104 -> 23.359776 | I104: =F104*H104 -> 350.39664 | J104: 1.2066
A105: 14.3 | B105: LABOR | C105: 151306 | D105: MINI-DISJUNTOR BIPOLAR 16 A, CURVA C - 5KA 220/127VCA (NBR IEC 60947-2), REF. SIEMENS, GE, SCHNEIDER OU EQUIVALENTE | E105: UNIDADE | F105: 1 | G105: 53.03 | H105: =G105*J105 -> 63.985998 | I105: =F105*H105 -> 63.985998 | J105: 1.2066
A106: 14.4 | B106: LABOR | C106: 151324 | D106: MINI-DISJUNTOR BIPOLAR 63 A, CURVA C - 5KA 220/127VCA (NBR IEC 60947-2), REF. SIEMENS, GE, SCHNEIDER OU EQUIVALENTE | E106: UNIDADE | F106: 3 | G106: 65.22 | H106: =G106*J106 -> 78.694452 | I106: =F106*H106 -> 236.08336 | J106: 1.2066
...

Sheet MEMORIA DE CÁLCULO
A1: MEMÓRIA DE CÁLCULO - PREFEITURA MUNICIPAL DE VILA PAVÃO
A2: ITEM | B2: DATA BASE: SINAPI MAIO/2022 E DER-EDI ABRIL/2022 BDI: 20.66 % L.S. NÃO-DESONERADAS: 157,27% | C2: UNIDADE | D2: LARGURA (m) | E2: COMP./ PERÍMETRO (m) | F2: ÁREA (m²) | G2: VOLUME (m³) | H2: PESO (kg) | I2: ALTURA (m) | J2: TOTAL | K2: UNIDADE
A3: 1 | B3: LICITAÇÃO
A4: 2 | B4: INSTALAÇÃO DO CANTEIRO DE OBRA
A5: 2.1 | B5: PLACA DE OBRA NAS DIMENSÕES 2.0X4.0M, PADRÃO IOPES | F5: 8 | J5: =F5 -> 8 | K5: M2
A6: 2.2 | B6: BARRACÃO PARA ESCRITÓRIO COM SANITÁRIO ÁREA DE 14.50 M2, DE CHAPA DE COMPENS. 12MM E PONTALETE 8X8CM, PISO CIMENTADO E COBERTURA DE TELHA DE FIBROC. 6MM, INCL. PONTO DE LUZ E CX. DE INSPEÇÃO, CONF. PROJETO (1 UTILIZAÇÃO) | F6: 8 | J6: =F6 -> 8 | K6: M2
A7: 2.3 | B7: REDE DE LUZ, INCL. PADRÃO ENTRADA DE ENERGIA TRIFÁS., CABO DE LIGAÇÃO ATÉ BARRACÕES, QUADRO DE DISTRIB., DISJ. E CHAVE DE FORÇA (QUANDO NECESSÁRIO), CONS. 20M ENTRE PADRÃO ENTRADA E QDG, CONF. PROJETO (1 UTILIZAÇÃO | E7: 10 | J7: =E7 -> 10 | K7: M
A8: 2.4 | B8: TAPUME TELHA METÁLICA ONDULADA EM AÇO GALVALUME 0,50MM BRANCA H=2,20M, INCL. MONTAGEM ESTR. MAD. 8"X8", C/ADESIVO "DER-ES" 60X60CM A CADA 10M, INCL. FAIXAS PINT. ESMALTE SINT. CORES AZUL C/ H=30CM E ROSA C/ H=10CM (REAPROVEITAMENTO 2X) | E8: 76.81 | J8: =E8 -> 76.81 | K8: M
A9: 2.5 | B9: LOCACAO CONVENCIONAL DE OBRA, UTILIZANDO GABARITO DE TÁBUAS CORRIDAS PONTALETADAS A CADA 2,00M - 2 UTILIZAÇÕES. AF_10/2018 | J9: =E10 -> 157.08 | K9: M2
B10: ÁREA DE LOCAÇÃO = 180M | E10: 157.08
A11: 3
A12: .3.1 | B12: 'ESCAVAÇÃO MECÂNICA EM MATERIAL DE 2A. CATEGORIA | J12: =SUM(G13:G14) -> 172.21767 | K12: M3
B13: SAPATAS + PILARETES - PRANCHA 0890-003-EST-R00 - ESCAVAÇÃO = ÁREA DE BASE + 50CM DE CADA LADO X ALTURA | F13: 53.13 | G13: =I13*F13 -> 111.573 | I13: 2.1
B14: CINTAS - PRANCHA 0890-003-EST-R00 - ESCAVAÇÃO = ÁREA DE BASE + 50CM DE CADA LADO X ALTURA | D14: 1.15 | E14: 81.13 | G14: =I14*E14*D14 -> 60.644675 | I14: 0.65
A15: 3.2 | B15: REATERRO APILOADO DE CAVAS DE FUNDAÇÃO, EM CAMADAS DE 20 CM | J15: =SUM(G16:G17) -> 15.867475 | K15: M3
B16: SAPATAS + PILARETES - PRANCHA 0890-003-EST-R00 - VOLUME DE CONCRETO - ESCAVAÇÃO | G16: =G24+G28+G29 -> 8.129
B17: CINTAS - PRANCHA 0890-003-EST-R00 - VOLUME DE CONCRETO - ESCAVAÇÃO | G17: =G25+G30 -> 7.738475
A18: 3.3 | B18: ATERRO MANUAL PARA REGULARIZAÇÃO DO TERRENO EM ARGILA, INCLUSIVE ADENSAMENTO MANUAL E FORNECIMENTO DO MATERIAL (MÁXIMO DE 100M3) | J18: =G19+G20 -> 111.588 | K18: M3
B19: EDIFICAÇÃO PRINCIPAL | F19: 154.08 | G19: =F19*I19 -> 92.448 | I19: 0.6
B20: PARQUINHO | F20: 31.9 | G20: =F20*I20 -> 19.14 | I20: 0.6
A21: 4
A22: 4.1
A23: 4.1.1 | B23: FORNECIMENTO, PREPARO E APLICAÇÃO DE CONCRETO MAGRO COM CONSUMO MÍNIMO DE CIMENTO DE 250 KG/M3 (BRITA 1 E 2) - (5% DE PERDAS JÁ INCLUÍDO NO CUSTO) | J23: =SUM(G24:G26) -> 9.762975 | K23: M3
B24: SAPATAS - PRANCHA 0890-003-EST-R00 - ÁREA BASE SAPATAS | F24: 19.58 | G24: =F24*I24 -> 0.979 | I24: 0.05
B25: CINTAS - PRANCHA 0890-003-EST-R00 - ESCAVAÇÃO = ÁREA DE BASE CINTAS | D25: 0.15 | E25: 81.13 | F25: =E25*D25 -> 12.1695 | G25: =F25*I25 -> 0.608475 | I25: 0.05
B26: PISO DO TÉRREO - PRANCHA 0890-003-EST-R00 - ÁREA DO PISO | F26: 163.51 | G26: =F26*I26 -> 8.1755 | I26: 0.05
A27: 4.1.2 | B27: FORNECIMENTO E APLICAÇÃO DE CONCRETO USINADO FCK=30 MPA - CONSIDERANDO LANÇAMENTO MANUAL PARA INFRA-ESTRUTURA (5% DE PERDAS JÁ INCLUÍDO NO CUSTO) | J27: =SUM(G28:G31) -> 30.63 | K27: M3
B28: SAPATAS - PRANCHA 0890-003-EST-R00 - QUADRO DE QUANTITATIVO | G28: 5.51
B29: PILARETES - PRANCHA 0890-003-EST-R00 - QUADRO DE QUANTITATIVO | G29: 1.64
B30: CINTAS - PRANCHA 0890-003-EST-R00 - QUADRO DE QUANTITATIVO | G30: 7.13
B31: LAJES - PRANCHA 0890-003-EST-R00 - QUADRO DE QUANTITATIVO | G31: 16.35
A32: 4.1.3 | B32: FÔRMA DE CHAPA COMPENSADA RESINADA 12MM, LEVANDO-SE EM CONTA A UTILIZAÇÃO 3 VEZES (INCLUIDO O MATERIAL, CORTE, MONTAGEM, ESCORAMENTO E DESFÔRMA) | J32: =SUM(F33:F35) -> 124.25 | K32: M2
B33: SAPATAS - PRANCHA 0890-003-EST-R00 - QUADRO DE QUANTITATIVO | F33: 14.72
B34: PILARETES - PRANCHA 0890-003-EST-R00 - QUADRO DE QUANTITATIVO | F34: 27.3
B35: CINTAS - PRANCHA 0890-003-EST-R00 - QUADRO DE QUANTITATIVO | F35: 82.23
A36: 4.1.4 | B36: FORNECIMENTO, DOBRAGEM E COLOCAÇÃO EM FÔRMA, DE ARMADURA CA-60 B FINA, DIÂMETRO DE 4.0 A 7.0MM | J36: =SUM(H37:H37) -> 67 | K36: KG
B37: PILARES - PRANCHA 0890-002-EST-R00 - QUADRO DE AÇO | H37: 67
A38: 4.1.5 | B38: FORNECIMENTO, DOBRAGEM E COLOCAÇÃO EM FÔRMA, DE ARMADURA CA-50 A MÉDIA, DIÂMETRO DE 6.3 A 10.0 MM | J38: =SUM(H39:H41) -> 364 | K38: KG
B39: SAPATAS - PRANCHA 0890-002-EST-R00 - QUADRO DE AÇO | H39: 214
B40: PILARES - PRANCHA 0890-002-EST-R00 - QUADRO DE AÇO | H40: 11
B41: CINTAS - PRANCHA 0890-002-EST-R00 - QUADRO DE AÇO | H41: 139
A42: 4.1.6 | B42: FORNECIMENTO, DOBRAGEM E COLOCAÇÃO EM FÔRMA, DE ARMADURA CA-50 A GROSSA, DIÂMETRO DE 12.5 A 25.0M | J42: =SUM(H43:H44) -> 653 | K42: KG
B43: PILARES - PRANCHA 0890-002-EST-R00 - QUADRO DE AÇO | H43: 340
B44: CINTAS - PRANCHA 0890-002-EST-R00 - QUADRO DE AÇO | H44: 313
A45: 4.1.7 | B45: ARMAÇÃO PARA EXECUÇÃO DE RADIER, PISO DE CONCRETO OU LAJE SOBRE SOLO, COM USO DE TELA Q-92. AF_09/2021 | J45: =H46 -> 275 | K45: KG
B46: PISO - PRANCHA 0890-002-EST-R00 - QUADRO DE AÇO | H46: 275
A47: 4.2 | B47: SUPER-ESTRUTURA
A48: 4.2.1 | B48: FORNECIMENTO E APLICAÇÃO DE CONCRETO USINADO FCK=30 MPA - CONSIDERANDO BOMBEAMENTO (5% DE PERDAS JÁ INCLUÍDO NO CUSTO) (6% DE TAXA P/ CONCR. BOMBEAVEL) | J48: =SUM(G49:G51) -> 24.31 | K48: M3
B49: PILARES - PRANCHA 0890-004-EST-R00 - QUADRO DE QUANTITATIVO | G49: 2.26
B50: VIGAS - PRANCHA 0890-004-EST-R00 - QUADRO DE QUANTITATIVO | G50: 5.22
B51: LAJES - PRANCHA 0890-004-EST-R00 - QUADRO DE QUANTITATIVO | G51: 16.83
A52: 4.2.2 | B52: FÔRMA EM CHAPA DE MADEIRA COMPENSADA PLASTIFICADA 12MM PARA ESTRUTURA EM GERAL, 5 REAPROVEITAMENTOS, REFORÇADA COM SARRAFOS DE MADEIRA 2.5X10CM (INCL MATERIAL, CORTE, MONTAGEM, ESCORAS EM EUCALIPTO E DESFORMA) | J52: =SUM(F53:F55) -> 239.76 | K52: M2
B53: PILARES - PRANCHA 0890-004-EST-R00 - QUADRO DE QUANTITATIVO | F53: 37.7
B54: VIGAS - PRANCHA 0890-004-EST-R00 - QUADRO DE QUANTITATIVO | F54: 61.82
B55: LAJES - PRANCHA 0890-004-EST-R00 - QUADRO DE QUANTITATIVO | F55: 140.24
A56: 4.2.3 | B56: FORNECIMENTO, DOBRAGEM E COLOCAÇÃO EM FÔRMA, DE ARMADURA CA-60 B FINA, DIÂMETRO DE 4.0 A 7.0MM | J56: =H57 -> 48 | K56: KG
B57: VIGAS - PRANCHA 0890-006-EST-R00 - QUADRO DE AÇO | H57: 48
A58: 4.2.4 | B58: FORNECIMENTO, DOBRAGEM E COLOCAÇÃO EM FÔRMA, DE ARMADURA CA-50 A MÉDIA, DIÂMETRO DE 6.3 A 10.0 MM | J58: =SUM(H59:H60) -> 1003 | K58: KG
B59: LAJES - PRANCHA 0890-005-EST-R00 - QUADRO DE AÇO | H59: 853
B60: VIGAS - PRANCHA 0890-006-EST-R00 - QUADRO DE AÇO | H60: 150
A61: 4.2.5 | B61: FORNECIMENTO, DOBRAGEM E COLOCAÇÃO EM FÔRMA, DE ARMADURA CA-50 A GROSSA, DIÂMETRO DE 12.5 A 25.0M | J61: =SUM(H62:H62) -> 504 | K61: KG
B62: VIGAS - PRANCHA 0890-006-EST-R00 - QUADRO DE AÇO | H62: 504
A63: 5 | B63: PAREDES E PAINÉIS
A64: 5.1 | B64: ALVENARIA DE BLOCOS DE CONCRETO 14X19X39CM, C/ RESIST. MÍNIMO A COMPRES. 2.5 MPA, ASSENT. C/ ARG. DE CIMENTO, CAL HIDRATADA CH1 E AREIA NO TRAÇO 1:0.5:8 ESP. DAS JUNTAS 10MM E ESP. DAS PAREDES, S/ REV. 14CM | J64: =SUM(F65:F75) -> 148.5715 | K64: M2
B65: PAREDE 1 - PILARES P1-P2 | E65: 5.9 | F65: =E65*I65 -> 14.75 | I65: 2.5
B66: PAREDE 2 - PILARES P2-P3-C3 (MENOS J1X3) | E66: 7.55 | F66: =E66*I66-(3*2.2) -> 12.275 | I66: 2.5
B67: PAREDE 3 - P2-P4-C3-(MENOS J2X2)-(MENS P2) | E67: 7.55 | F67: =E67*I67-(1.65*2)-(1.68) -> 13.895 | I67: 2.5
B68: PAREDE 4 - C10-P5-(MENOS B3) | E68: 1.95 | F68: =E68*I68-(1.4) -> 3.475 | I68: 2.5
B69: PAREDE 5 - P6-P7-C11-(MENOS P1) | E69: 8 | F69: =E69*I69-(1.89) -> 18.11 | I69: 2.5
B70: PAREDE 6 - P8-P10-(MENOS P2) | E70: 5.2 | F70: =E70*I70-(1.68) -> 11.32 | I70: 2.5
B71: PAREDE 7 - P12-P13-(MENOS B1)-(MENOS B2) | E71: 5.125 | F71: =E71*I71-(1.4)-(1.05) -> 10.3625 | I71: 2.5
B72: PAREDE 8 - P12-P8-P7-(MENOS G1)-(MENOS P2) | E72: 5.85 | F72: =E72*I72-(1.65)-(1.68) -> 11.295 | I72: 2.5
B73: PAREDE 9 - P13-P10-P5-(MENOS GR1)-(MENOS GR2) | E73: 10.65 | F73: =E73*I73-(6.3)-(0.82) -> 19.505 | I73: 2.5
B74: PAREDE 10 - PNE FEM E PNE MASC - CIRC-(MENOS P1X2)-(B4X2) | E74: 10.6 | F74: =E74*I74-(1.89*2)-(1.05*2) -> 23.588 | I74: 2.78
B75: PAREDE 11 - COZ-DEP-(MENOS P2) | E75: 4.2 | F75: =E75*I75-(1.68) -> 9.996 | I75: 2.78
A76: 6 | B76: ESQUADRIAS DE MADEIRA
A77: 6.1 | B77: PORTA EM MADEIRA DE LEI TIPO ANGELIM PEDRA OU EQUIV.C/ENCHIMENTO EM MADEIRA 1A.QUALIDADE ESP. 30MM P/ PINTURA, INCLUSIVE ALIZARES, DOBRADIÇAS E FECHADURA EXTERNA EM LATÃO CROMADO LAFONTE OU EQUIV., EXCLUSIVE MARCO, NAS DIM.: 0.80 X 2.10 M | J77: =C78 -> 4 | K77: UNIDADE
B78: TABELA DE ESQUADRIAS | C78: 4
A79: 6.2 | B79: MARCO DE MADEIRA DE LEI DE 1ª (PEROBA, IPÊ, ANGELIM PEDRA OU EQUIVALENTE) COM 15X3 CM DE BATENTE, NAS DIMENSÕES DE 0.80 X 2.10 M | J79: =C80 -> 4 | K79: UNIDADE
B80: TABELA DE ESQUADRIAS | C80: 4
A81: 6.3 | B81: PORTA EM MADEIRA DE LEI TIPO ANGELIM PEDRA OU EQUIV.C/ENCHIMENTO EM MADEIRA 1A.QUALIDADE ESP. 30MM P/ PINTURA, INCLUSIVE ALIZARES, DOBRADIÇAS E FECHADURA EXTERNA EM LATÃO CROMADO LAFONTE OU EQUIV., EXCLUSIVE MARCO, NAS DIM.: 0.90 X 2.10 M | J81: =C82 -> 3 | K81: UNIDADE
B82: TABELA DE ESQUADRIAS | C82: 3
A83: 6.4 | B83: MARCO DE MADEIRA DE LEI DE 1ª (PEROBA, IPÊ, ANGELIM PEDRA OU EQUIVALENTE) COM 15 X 3 CM DE BATENTE, NAS DIMENSÕES DE 0.90 X 2.10 M | J83: =C84 -> 3 | K83: UNIDADE
B84: TABELA DE ESQUADRIAS | C84: 3
A85: 6.5 | B85: VERGA/CONTRAVERGA RETA DE CONCRETO ARMADO 10 X 5 CM, FCK = 15 MPA, INCLUSIVE FORMA, ARMAÇÃO E DESFORMA | J85: =J86+J87 -> 17.64 | K85: M
B86: PORTA P1 - COMPRIMENTO ADICIONAL DE 20% DE CADA LADO EM RELAÇÃO A LARGURA DA PORTA = L=2,1M | C86: 3 | E86: =2.1*1.2 -> 2.52 | J86: =E86*C86 -> 7.56
B87: PORTA P2 - COMPRIMENTO ADICIONAL DE 20% DE CADA LADO EM RELAÇÃO A LARGURA DA PORTA = L=2,1M | C87: 4 | E87: =2.1*1.2 -> 2.52 | J87: =E87*C87 -> 10.08
A88: 7 | B88: ESQUADRIAS METÁLICAS
A89: 7.1 | B89: BÁSCULA PARA VIDRO EM ALUMÍNIO ANODIZADO COR NATURAL, LINHA 25, COMPLETA, COM TRANCA, CAIXILHO, ALIZAR E CONTRAMARCO, EXCLUSIVE VIDRO | J89: =F90 -> 4.27 | K89: M2
B90: TABELA DE ESQUADRIAS | F90: 4.27
A91: 7.2 | B91: JANELA DE CORRER PARA VIDRO EM ALUMÍNIO ANODIZADO COR NATURAL, LINHA 25, COMPLETA, INCL. PUXADOR COM TRANCA, ALIZAR, CAIXILHO E CONTRAMARCO, EXCLUSIVE VIDRO | J91: =F92 -> 9.9 | K91: M2
B92: TABELA DE ESQUADRIAS | F92: 9.9
A93: 7.3 | B93: GUILHOTINA | J93: =F94 -> 1.65 | K93: M2
B94: TABELA DE ESQUADRIAS | F94: 1.65
A95: 7.4 | B95: GRADE DE FERRO EM BARRA CHATA, INCLUSIVE CHUMBAMENTO | J95: =F96 -> 7.12 | K95: M2
B96: TABELA DE ESQUADRIAS | F96: 7.12
A97: 7.5 | B97: PORTÃO DE FERRO DE ABRIR EM BARRA CHATA, CHAPA E TUBO, INCLUSIVE CHUMBAMENTO | J97: =F98 -> 2.88 | K97: M2
B98: TABELA DE ESQUADRIAS | F98: 2.88
A99: 8 | B99: VIDROS E ESPELHOS
A100: 8.1 | B100: VIDRO PLANO TRANSPARENTE LISO, COM 4 MM DE ESPESSURA | J100: =SUM(F101:F103) -> 15.82 | K100: M2
...

Sheet Composição de Custos
A1: PLANILHA DE COMPOSIÇÃO DE CUSTOS UNITÁRIOS
A2: OBRA: CMEI SÃO FRANCISCO DE ASIS - PARQUINHO
A3: DATA: 21/06/2022
A5: COMP.01 | B5: REFLETOR 30W - Fornecimento e Instalação | C5: LIGAÇÃO PROVISÓRIA DE LUZ E FORÇA-PADRÃO PROVISÓRIO | D5: LIGAÇÃO PROVISÓRIA DE LUZ E FORÇA-PADRÃO PROVISÓRIO | E5: Unidade: | F5: UNIDADE
B6: LIGAÇÃO PROVISÓRIA DE LUZ E FORÇA-PADRÃO PROVISÓRIO | C6: LIGAÇÃO PROVISÓRIA DE LUZ E FORÇA-PADRÃO PROVISÓRIO | D6: LIGAÇÃO PROVISÓRIA DE LUZ E FORÇA-PADRÃO PROVISÓRIO
A7: Insumos | C7: Unidade | D7: Consumo | E7: Custo Unitário | F7: Custo Total
A8: MERCADO C.1 | B8: REFLETOR 30W | C8: UN | D8: 1.05 | E8: ='TABELA RESUMO DE COTAÇÕES'!L8 -> 41.31 | F8: =D8*E8 -> 43.3755
A9: LABOR 010146 | B9: SERVENTE (AUXILIAR DE OBRAS - SINDUSCON)(LABOR) | C9: UN | D9: 0.25 | E9: 14.18 | F9: =D9*E9 -> 3.545
A10: LABOR 010115 | B10: ELETRICISTA (OFICIAL - SINDUSCON) (LABOR) | C10: UN | D10: 0.25 | E10: 19.12 | F10: =D10*E10 -> 4.78
A11: Custo total | F11: =SUM(F8:F10) -> 51.7005
A13: COMP.02 | B13: ALAMBRADO SOLDADO 25X1M FIO 2.3MMX12 EM MOURÕES DE CONCRETO, COM TELA DE ARAME GALVANIZADO | C13: LIGAÇÃO PROVISÓRIA DE LUZ E FORÇA-PADRÃO PROVISÓRIO | D13: LIGAÇÃO PROVISÓRIA DE LUZ E FORÇA-PADRÃO PROVISÓRIO | E13: Unidade: | F13: M2
A14: 200128 ADATADO | B14: LIGAÇÃO PROVISÓRIA DE LUZ E FORÇA-PADRÃO PROVISÓRIO | C14: LIGAÇÃO PROVISÓRIA DE LUZ E FORÇA-PADRÃO PROVISÓRIO | D14: LIGAÇÃO PROVISÓRIA DE LUZ E FORÇA-PADRÃO PROVISÓRIO
A15: Insumos | C15: Unidade | D15: Consumo | E15: Custo Unitário | F15: Custo Total
A16: C.2 | B16: ALAMBRADO SOLDADO 25X1M FIO 2.3MMX12 | C16: M2 | D16: 1.93 | E16: ='TABELA RESUMO DE COTAÇÕES'!L9 -> 23.86 | F16: =D16*E16 -> 46.0498
A17: 43130 SINAPI | B17: ARAME GALVANIZADO 12 BWG, D = 2,76 MM (0,048 KG/M) OU 14 BWG, D = 2,11 MM (0,026 KG/M) | C17: KG | D17: 0.0586 | E17: 31.38 | F17: =D17*E17 -> 1.838868
A18: 020503 LABOR | B18: AREIA LAVADA MEDIA (LABOR) | C18: M3 | D18: 0.014923 | E18: 112.86 | F18: =D18*E18 -> 1.6842098
A19: 020517 LABOR | B19: BRITA 1 (LABOR) | C19: M3 | D19: 0.017441 | E19: 130.12 | F19: =D19*E19 -> 2.2694229
A20: 020508 LABOR | B20: CIMENTO PORTLAND CP III - 40 (LABOR) | C20: KG | D20: 8.4315 | E20: 0.49 | F20: =D20*E20 -> 4.131435
A21: SINAPI 88309 | B21: PEDREIRO COM ENCARGOS COMPLEMENTARES | C21: UN | D21: 0.0528 | E21: 14.18 | F21: =D21*E21 -> 0.748704
A22: SINAPI 88316 | B22: SERVENTE COM ENCARGOS COMPLEMENTARES | C22: UN | D22: 0.3432 | E22: 19.12 | F22: =D22*E22 -> 6.561984
A23: Custo total | F23: =SUM(F16:F22) -> 63.284424
A25: COMP.03 | B25: MURETA EM ALVENARIA DE BLOCOS CERÂMICOS 10X20X20CMM, H=0.40CM, INCLUSIVE CHAPISCO | C25: LIGAÇÃO PROVISÓRIA DE LUZ E FORÇA-PADRÃO PROVISÓRIO | D25: LIGAÇÃO PROVISÓRIA DE LUZ E FORÇA-PADRÃO PROVISÓRIO | E25: Unidade: | F25: M2
A26: 98522 ADATADO | B26: LIGAÇÃO PROVISÓRIA DE LUZ E FORÇA-PADRÃO PROVISÓRIO | C26: LIGAÇÃO PROVISÓRIA DE LUZ E FORÇA-PADRÃO PROVISÓRIO | D26: LIGAÇÃO PROVISÓRIA DE LUZ E FORÇA-PADRÃO PROVISÓRIO
A27: Insumos | C27: Unidade | D27: Consumo | E27: Custo Unitário | F27: Custo Total
A28: 4460 SINAPI | B28: SARRAFO NAO APARELHADO *2,5 X 10* CM, EM MACARANDUBA, ANGELIM OU EQUIVALENTE DA REGIAO - BRUTA | C28: M | D28: 0.65 | E28: 11.64 | F28: =D28*E28 -> 7.566
A29: SINAPI 88309 | B29: PEDREIRO COM ENCARGOS COMPLEMENTARES | C29: UN | D29: 0.3 | E29: 14.18 | F29: =D29*E29 -> 4.254
A30: SINAPI 88316 | B30: SERVENTE COM ENCARGOS COMPLEMENTARES | C30: UN | D30: 0.3 | E30: 19.12 | F30: =D30*E30 -> 5.736
A31: SINAPI 94974 | B31: CONCRETO MAGRO PARA LASTRO, TRAÇO 1:4,5:4,5 (EM MASSA SECA DE CIMENTO/ AREIA MÉDIA/ BRITA 1) - PREPARO MANUAL. AF_05/2021 | C31: M3 | D31: 0.0145 | E31: 388.76 | F31: =D31*E31 -> 5.63702
A32: LABOR 200715 | B32: MURETA EM ALVENARIA DE BLOCOS CERÂMICOS 10X20X20CMM, H=0.40CM, INCLUSIVE CHAPISCO | C32: M2 | D32: 0.67 | E32: 163.18 | F32: =D32*E32 -> 109.3306
A33: Custo total | F33: =SUM(F28:F32) -> 132.52362
A35: COMP.04 | B35: MOURAO DE CONCRETO RETO, SECAO QUADRADA, *10 X 10* CM, H= 3,00 | C35: LIGAÇÃO PROVISÓRIA DE LUZ E FORÇA-PADRÃO PROVISÓRIO | D35: LIGAÇÃO PROVISÓRIA DE LUZ E FORÇA-PADRÃO PROVISÓRIO | E35: Unidade: | F35: UNIDADE
A36: SINAPI | B36: LIGAÇÃO PROVISÓRIA DE LUZ E FORÇA-PADRÃO PROVISÓRIO | C36: LIGAÇÃO PROVISÓRIA DE LUZ E FORÇA-PADRÃO PROVISÓRIO | D36: LIGAÇÃO PROVISÓRIA DE LUZ E FORÇA-PADRÃO PROVISÓRIO
A37: Insumos | C37: Unidade | D37: Consumo | E37: Custo Unitário | F37: Custo Total
A38: 00004102 SINAPI | B38: MOURAO DE CONCRETO RETO, SECAO QUADRADA, *10 X 10* CM, H= 3,00 M | C38: UNIDADE | D38: 1 | E38: 76.73 | F38: =D38*E38 -> 76.73
A39: 4460 SINAPI | B39: SARRAFO NAO APARELHADO *2,5 X 10* CM, EM MACARANDUBA, ANGELIM OU EQUIVALENTE DA REGIAO - BRUTA | C39: M | D39: 3 | E39: 11.64 | F39: =D39*E39 -> 34.92
A40: SINAPI 88309 | B40: PEDREIRO COM ENCARGOS COMPLEMENTARES | C40: UN | D40: 0.4 | E40: 14.18 | F40: =D40*E40 -> 5.672
A41: SINAPI 88316 | B41: SERVENTE COM ENCARGOS COMPLEMENTARES | C41: UN | D41: 0.4 | E41: 19.12 | F41: =D41*E41 -> 7.648
A42: Custo total | F42: =SUM(F38:F41) -> 124.97
B49: CARLOS RAPHAEL MONTEIRO DE LEMOS
B50: Engenheiro Civil- CREA-ES 011840/D
B51: ES-011840/D

Sheet CURVA ABC
A1: CURVA ABC - PREFEITURA MUNICIPAL DE VILA PAVÃO
A2: DATA BASE: SINAPI MAIO/2022 E DER-EDI ABRIL/2022 BDI: 20.66 % L.S. NÃO-DESONERADAS: 157,27%
A3: DESCRIÇÃO SERVIÇO | B3: VALOR UNITARIO | C3: PESO | D3: PESO ACUMULADO | E3: CURVA ABC
A5: MURO DE ALVENARIA DE BLOCOS CERÂMICOS 10X20X20CM, C/ PILARES A CADA 2 M, ESP. 10CM E H=2.5M, REVESTIDO COM CHAPISCO, REBOCO E PINTURA ACRÍLICA A 2 DEMÃOS, INCL. PILARES, CINTAS E SAPATAS, EMPREGANDO ARG. CIMENTO CAL E AREIA | B5: =ORÇAMENTO!I64 -> 36032.45 | C5: =B5/'PLANILHA RESUMO'!C40 -> 0.078629773 | D5: =C5 -> 0.078629773 | E5: A
A6: FÔRMA EM CHAPA DE MADEIRA COMPENSADA PLASTIFICADA 12MM PARA ESTRUTURA EM GERAL, 5 REAPROVEITAMENTOS, REFORÇADA COM SARRAFOS DE MADEIRA 2.5X10CM (INCL MATERIAL, CORTE, MONTAGEM, ESCORAS EM EUCALIPTO E DESFORMA) | B6: =ORÇAMENTO!I27 -> 30089.51 | C6: =B6/'PLANILHA RESUMO'!C40 -> 0.065661129 | D6: =D5+C6 -> 0.1442909 | E6: A
A7: TRAMA DE MADEIRA COMPOSTA POR RIPAS, CAIBROS E TERÇAS PARA TELHADOS DE ATÉ 2 ÁGUAS PARA TELHA DE ENCAIXE DE CERÂMICA OU DE CONCRETO, INCLUSO TRANSPORTE VERTICAL. AF_07/2019 | B7: =ORÇAMENTO!I126 -> 21573.577 | C7: =B7/'PLANILHA RESUMO'!C40 -> 0.047077717 | D7: =D6+C7 -> 0.19136862 | E7: A
A8: FORNECIMENTO E APLICAÇÃO DE CONCRETO USINADO FCK=30 MPA - CONSIDERANDO LANÇAMENTO MANUAL PARA INFRA-ESTRUTURA (5% DE PERDAS JÁ INCLUÍDO NO CUSTO) | B8: =ORÇAMENTO!I19 -> 20170.65 | C8: =B8/'PLANILHA RESUMO'!C40 -> 0.044016258 | D8: =D7+C8 -> 0.23538488 | E8: A
A9: TAPUME TELHA METÁLICA ONDULADA EM AÇO GALVALUME 0,50MM BRANCA H=2,20M, INCL. MONTAGEM ESTR. MAD. 8"X8", C/ADESIVO "DER-ES" 60X60CM A CADA 10M, INCL. FAIXAS PINT. ESMALTE SINT. CORES AZUL C/ H=30CM E ROSA C/ H=10CM (REAPROVEITAMENTO 2X) | B9: =ORÇAMENTO!I10 -> 19364.34 | C9: =B9/'PLANILHA RESUMO'!C40 -> 0.042256734 | D9: =D8+C9 -> 0.27764161 | E9: A
A10: ATERRO MANUAL PARA REGULARIZAÇÃO DO TERRENO EM ARGILA, INCLUSIVE ADENSAMENTO MANUAL E FORNECIMENTO DO MATERIAL (MÁXIMO DE 100M3) | B10: =ORÇAMENTO!I15 -> 16175.9 | C10: =B10/'PLANILHA RESUMO'!C40 -> 0.035298941 | D10: =D9+C10 -> 0.31294055 | E10: A
A11: FORNECIMENTO E APLICAÇÃO DE CONCRETO USINADO FCK=30 MPA - CONSIDERANDO BOMBEAMENTO (5% DE PERDAS JÁ INCLUÍDO NO CUSTO) (6% DE TAXA P/ CONCR. BOMBEAVEL) | B11: =ORÇAMENTO!I26 -> 14306.31 | C11: =B11/'PLANILHA RESUMO'!C40 -> 0.031219135 | D11: =D10+C11 -> 0.34415969 | E11: A
A12: FORNECIMENTO, DOBRAGEM E COLOCAÇÃO EM FÔRMA, DE ARMADURA CA-50 A MÉDIA, DIÂMETRO DE 6.3 A 10.0 MM | B12: =ORÇAMENTO!I29 -> 13881.22 | C12: =B12/'PLANILHA RESUMO'!C40 -> 0.030291506 | D12: =D11+C12 -> 0.37445119 | E12: A
A13: CERÂMICA 10 X 10 CM, REF CAMBURI BRANCO ELIANE, CECRISA OU PORTOBELLO, EMPREGANDO ARGAMASSA COLANTE, INCLUSIVE REJUNTAMENTO JUNTA PLUS CINZA CLARO ESP. 3 MM | B13: =ORÇAMENTO!I56 -> 13874.167 | C13: =B13/'PLANILHA RESUMO'!C40 -> 0.030276114 | D13: =D12+C13 -> 0.40472731 | E13: A
A14: PISO CERÂMICO ESMALTADO, PEI 5, ACABAMENTO SEMIBRILHO, DIM. 45X45CM, REF. DE COR CARGO PLUS WHITE ELIANE/EQUIV. ASSENTADO COM ARGAMASSA DE CIMENTO COLANTE, INCLUSIVE REJUNTAMENTO | B14: =ORÇAMENTO!I61 -> 12482.072 | C14: =B14/'PLANILHA RESUMO'!C40 -> 0.027238294 | D14: =D13+C14 -> 0.4319656 | E14: A
A15: ALVENARIA DE BLOCOS DE CONCRETO 14X19X39CM, C/ RESIST. MÍNIMO A COMPRES. 2.5 MPA, ASSENT. C/ ARG. DE CIMENTO, CAL HIDRATADA CH1 E AREIA NO TRAÇO 1:0.5:8 ESP. DAS JUNTAS 10MM E ESP. DAS PAREDES, S/ REV. 14CM | B15: =ORÇAMENTO!I32 -> 12346.075 | C15: =B15/'PLANILHA RESUMO'!C40 -> 0.026941523 | D15: =D14+C15 -> 0.45890712 | E15: A
A16: FÔRMA DE TÁBUA DE MADEIRA DE 2.5 X 30.0 CM PARA FUNDAÇÕES, LEVANDO-SE EM CONTA A UTILIZAÇÃO 5 VEZES (INCLUIDO O MATERIAL, CORTE, MONTAGEM, ESCORAMENTO E DESFORMA) | B16: =ORÇAMENTO!I20 -> 10740.27 | C16: =B16/'PLANILHA RESUMO'!C40 -> 0.023437346 | D16: =D15+C16 -> 0.48234447 | E16: A
A17: ARMAÇÃO PARA EXECUÇÃO DE RADIER, PISO DE CONCRETO OU LAJE SOBRE SOLO, COM USO DE TELA Q-92. AF_09/2021 | B17: =ORÇAMENTO!I24 -> 10063.95 | C17: =B17/'PLANILHA RESUMO'!C40 -> 0.021961485 | D17: =D16+C17 -> 0.50430595 | E17: A
A18: FORNECIMENTO, DOBRAGEM E COLOCAÇÃO EM FÔRMA, DE ARMADURA CA-50 A GROSSA, DIÂMETRO DE 12.5 A 25.0MM | B18: =ORÇAMENTO!I23 -> 9242.18 | C18: =B18/'PLANILHA RESUMO'!C40 -> 0.020168224 | D18: =D17+C18 -> 0.52447418 | E18: B
A19: CORRIMÃO EM TUBO DE FERRO GALVANIZADO DIAM. 2" COM CHUMBADORES A CADA 1.5M | B19: =ORÇAMENTO!I129 -> 9206.3248 | C19: =B19/'PLANILHA RESUMO'!C40 -> 0.020089981 | D19: =D18+C19 -> 0.54456416 | E19: B
A20: FORRO DE GESSO ACABAMENTO TIPO LISO | B20: =ORÇAMENTO!I52 -> 9024.16 | C20: =B20/'PLANILHA RESUMO'!C40 -> 0.019692462 | D20: =D19+C20 -> 0.56425662 | E20: B
A21: TELHAMENTO COM TELHA CERÂMICA CAPA-CANAL, TIPO COLONIAL, COM ATÉ 2 ÁGUAS, INCLUSO TRANSPORTE VERTICAL. AF_07/2019 | B21: =ORÇAMENTO!I127 -> 8559.2614 | C21: =B21/'PLANILHA RESUMO'!C40 -> 0.018677963 | D21: =D20+C21 -> 0.58293458 | E21: B
A22: BARRACÃO PARA ESCRITÓRIO COM SANITÁRIO ÁREA DE 14.50 M2, DE CHAPA DE COMPENS. 12MM E PONTALETE 8X8CM, PISO CIMENTADO E COBERTURA DE TELHA DE FIBROC. 6MM, INCL. PONTO DE LUZ E CX. DE INSPEÇÃO, CONF. PROJETO (1 UTILIZAÇÃO) | B22: =ORÇAMENTO!I8 -> 8279.3 | C22: =B22/'PLANILHA RESUMO'!C40 -> 0.018067033 | D22: =D21+C22 -> 0.60100162 | E22: B
A23: PINTURA COM TINTA ACRÍLICA, MARCAS DE REFERÊNCIA SUVINIL, CORAL E METALATEX, INCLUSIVE SELADOR ACRÍLICO, EM PAREDES E FORROS, A DUAS DEMÃOS | B23: =ORÇAMENTO!I132 -> 8024 | C23: =B23/'PLANILHA RESUMO'!C40 -> 0.017509919 | D23: =D22+C23 -> 0.61851154 | E23: B
A24: FORNECIMENTO, DOBRAGEM E COLOCAÇÃO EM FÔRMA, DE ARMADURA CA-50 A GROSSA, DIÂMETRO DE 12.5 A 25.0M | B24: =ORÇAMENTO!I30 -> 7133.32 | C24: =B24/'PLANILHA RESUMO'!C40 -> 0.015566283 | D24: =D23+C24 -> 0.63407782 | E24: B
A25: FORNECIMENTO, PREPARO E APLICAÇÃO DE CONCRETO MAGRO COM CONSUMO MÍNIMO DE CIMENTO DE 250 KG/M3 (BRITA 1 E 2) - (5% DE PERDAS JÁ INCLUÍDO NO CUSTO) | B25: =ORÇAMENTO!I18 -> 6770.79 | C25: =B25/'PLANILHA RESUMO'!C40 -> 0.014775173 | D25: =D24+C25 -> 0.64885299 | E25: B
A26: BACIA SIFONADA DE LOUÇA BRANCA PARA PORTADORES DE NECESSIDADES ESPECIAIS, VOGUE PLUS CONFORTO - LINHA CONFORTO, MOD P51, INCL. ASSENTO COM ABERTURA FRONTAL, REF.AP52,MARCA DE REF. DECA OU EQUIVALENTE | B26: =ORÇAMENTO!I88 -> 6255.28 | C26: =B26/'PLANILHA RESUMO'!C40 -> 0.01365023 | D26: =D25+C26 -> 0.66250322 | E26: B
A27: ALAMBRADO SOLDADO 25X1M FIO 2.3MMX12 EM MOURÕES DE CONCRETO, COM TELA DE ARAME GALVANIZADO | B27: =ORÇAMENTO!I65 -> 6185.0778 | C27: =B27/'PLANILHA RESUMO'!C40 -> 0.013497036 | D27: =D26+C27 -> 0.67600026 | E27: B
A28: JANELA DE CORRER PARA VIDRO EM ALUMÍNIO ANODIZADO COR NATURAL, LINHA 25, COMPLETA, INCL. PUXADOR COM TRANCA, ALIZAR, CAIXILHO E CONTRAMARCO, EXCLUSIVE VIDRO | B28: =ORÇAMENTO!I41 -> 6111.4749 | C28: =B28/'PLANILHA RESUMO'!C40 -> 0.01333642 | D28: =D27+C28 -> 0.68933668 | E28: B
A29: EMBOÇO DE ARGAMASSA DE CIMENTO, CAL HIDRATADA CH1 E AREIA MÉDIA OU GROSSA LAVADA NO TRAÇO 1:0.5:6, ESPESSURA 20 MM | B29: =ORÇAMENTO!I59 -> 5911.3707 | C29: =B29/'PLANILHA RESUMO'!C40 -> 0.012899754 | D29: =D28+C29 -> 0.70223643 | E29: B
A30: VIDRO PLANO TRANSPARENTE LISO, COM 4 MM DE ESPESSURA | B30: =ORÇAMENTO!I46 -> 5772.5465 | C30: =B30/'PLANILHA RESUMO'!C40 -> 0.012596813 | D30: =D29+C30 -> 0.71483325 | E30: B
A31: EMASSAMENTO DE PAREDES E FORROS, COM DUAS DEMÃOS DE MASSA ACRÍLICA, MARCAS DE REFERÊNCIA SUVINIL, CORAL OU METALATEX | B31: =ORÇAMENTO!I58 -> 5283.0088 | C31: =B31/'PLANILHA RESUMO'!C40 -> 0.011528547 | D31: =D30+C31 -> 0.72636179 | E31: B
A32: FORNECIMENTO, DOBRAGEM E COLOCAÇÃO EM FÔRMA, DE ARMADURA CA-50 A MÉDIA, DIÂMETRO DE 6.3 A 10.0 MM | B32: =ORÇAMENTO!I22 -> 5037.65 | C32: =B32/'PLANILHA RESUMO'!C40 -> 0.010993126 | D32: =D31+C32 -> 0.73735492 | E32: B
A33: IMPERMEABILIZAÇÃO DE FLOREIRA OU VIGA BALDRAME COM ARGAMASSA DE CIMENTO E AREIA, COM ADITIVO IMPERMEABILIZANTE, E = 2 CM. AF_06/2018 | B33: =ORÇAMENTO!I50 -> 4646.7373 | C33: =B33/'PLANILHA RESUMO'!C40 -> 0.010140079 | D33: =D32+C33 -> 0.747495 | E33: B
A34: PORTA EM MADEIRA DE LEI TIPO ANGELIM PEDRA OU EQUIV.C/ENCHIMENTO EM MADEIRA 1A.QUALIDADE ESP. 30MM P/ PINTURA, INCLUSIVE ALIZARES, DOBRADIÇAS E FECHADURA EXTERNA EM LATÃO CROMADO LAFONTE OU EQUIV., EXCLUSIVE MARCO, NAS DIM.: 0.80 X 2.10 M | B34: =ORÇAMENTO!I34 -> 4631.9443 | C34: =B34/'PLANILHA RESUMO'!C40 -> 0.010107798 | D34: =D33+C34 -> 0.7576028 | E34: B
A35: PISO DE CIMENTADO CAMURÇADO EXECUTADO COM ARGAMASSA DE CIMENTO E AREIA NO TRAÇO 1:3, ESP. 3.0CM | B35: =ORÇAMENTO!I68 -> 4505.0474 | C35: =B35/'PLANILHA RESUMO'!C40 -> 0.0098308845 | D35: =D34+C35 -> 0.76743368 | E35: B
A36: FIO OU CABO DE COBRE TERMOPLÁSTICO, COM ISOLAMENTO PARA 750V, SEÇÃO DE 16.0 MM2 | B36: =ORÇAMENTO!I119 -> 4235.4556 | C36: =B36/'PLANILHA RESUMO'!C40 -> 0.009242583 | D36: =D35+C36 -> 0.77667626 | E36: B
A37: EXECUÇÃO DE PASSEIO (CALÇADA) OU PISO DE CONCRETO COM CONCRETO MOLDADO IN LOCO, USINADO, ACABAMENTO CONVENCIONAL, ESPESSURA 6 CM, ARMADO. AF_07/2016 | B37: =ORÇAMENTO!I67 -> 4180.0822 | C37: =B37/'PLANILHA RESUMO'!C40 -> 0.0091217475 | D37: =D36+C37 -> 0.78579801 | E37: B
A38: LUMINARIA SOBREPOR COMPL., CORPO CH. AÇO PINTADA BRANCA, REFLETOR ALETAS PARABÓLICAS ALUM.ALTA PUREZA E REFLETÂNCIA INCLUSIVE 2 LÂMPADAS LED T8 20W TEMP. DE COR 5000K BIVOLT C/ 1,20M - REF. CS232AL-N - AMES, 664 - LUMAVI OU EQUIVALENTE | B38: =ORÇAMENTO!I121 -> 4144.1642 | C38: =B38/'PLANILHA RESUMO'!C40 -> 0.0090433676 | D38: =D37+C38 -> 0.79484138 | E38: B
A39: LAVÁTORIO DE CANTO COLEÇÃO MASTER - REF. L76 MARCA DE REF. DECA OU EQUIVALENTE, INCLUSIVE VÁLVULA, SIFÃO E ENGATES CROMADOS, EXCLUSIVE TORNEIRA,PARA PNE | B39: =ORÇAMENTO!I93 -> 4094.4 | C39: =B39/'PLANILHA RESUMO'!C40 -> 0.0089347724 | D39: =D38+C39 -> 0.80377615 | E39: B
A40: PORTA EM MADEIRA DE LEI TIPO ANGELIM PEDRA OU EQUIV.C/ENCHIMENTO EM MADEIRA 1A.QUALIDADE ESP. 30MM P/ PINTURA, INCLUSIVE ALIZARES, DOBRADIÇAS E FECHADURA EXTERNA EM LATÃO CROMADO LAFONTE OU EQUIV., EXCLUSIVE MARCO, NAS DIM.: 0.90 X 2.10 M | B40: =ORÇAMENTO!I36 -> 3763.5423 | C40: =B40/'PLANILHA RESUMO'!C40 -> 0.0082127769 | D40: =D39+C40 -> 0.81198893 | E40: C
A41: RESERVATÓRIO DE POLIETILENO DE 1500L, INCLUSIVE PEÇA 6X16CM PARA APOIO, EXCLUSIVE FLANGES E TORNEIRA DE BÓIA | B41: =ORÇAMENTO!I85 -> 3715.39 | C41: =B41/'PLANILHA RESUMO'!C40 -> 0.0081076993 | D41: =D40+C41 -> 0.82009663 | E41: C
A42: TUBO DE PVC RÍGIDO SOLDÁVEL MARROM, DIÂM. 50MM (11/2"), INCLUSIVE CONEXÕES | B42: =ORÇAMENTO!I76 -> 3554.26 | C42: =B42/'PLANILHA RESUMO'!C40 -> 0.0077560825 | D42: =D41+C42 -> 0.82785271 | E42: C
A43: REDE DE LUZ, INCL. PADRÃO ENTRADA DE ENERGIA TRIFÁS., CABO DE LIGAÇÃO ATÉ BARRACÕES, QUADRO DE DISTRIB., DISJ. E CHAVE DE FORÇA (QUANDO NECESSÁRIO), CONS. 20M ENTRE PADRÃO ENTRADA E QDG, CONF. PROJETO (1 UTILIZAÇÃO | B43: =ORÇAMENTO!I9 -> 3467.1 | C43: =B43/'PLANILHA RESUMO'!C40 -> 0.0075658826 | D43: =D42+C43 -> 0.83541859 | E43: C
A44: PORTÃO DE FERRO DE ABRIR EM BARRA CHATA, CHAPA E TUBO, INCLUSIVE CHUMBAMENTO | B44: =ORÇAMENTO!I44 -> 3460.4477 | C44: =B44/'PLANILHA RESUMO'!C40 -> 0.007551366 | D44: =D43+C44 -> 0.84296996 | E44: C
A45: REVESTIMENTO CERÂMICO PARA PAREDES INTERNAS COM PLACAS TIPO ESMALTADA EXTRA DE DIMENSÕES 33X45 CM APLICADAS EM AMBIENTES DE ÁREA MAIOR QUE 5 M² NA ALTURA INTEIRA DAS PAREDES. AF_06/2014 | B45: =ORÇAMENTO!I57 -> 3369.6707 | C45: =B45/'PLANILHA RESUMO'!C40 -> 0.0073532729 | D45: =D44+C45 -> 0.85032323 | E45: C
A46: BÁSCULA PARA VIDRO EM ALUMÍNIO ANODIZADO COR NATURAL, LINHA 25, COMPLETA, COM TRANCA, CAIXILHO, ALIZAR E CONTRAMARCO, EXCLUSIVE VIDRO | B46: =ORÇAMENTO!I40 -> 3080.5411 | C46: =B46/'PLANILHA RESUMO'!C40 -> 0.0067223364 | D46: =D45+C46 -> 0.85704557 | E46: C
A47: REBOCO DE ARGAMASSA DE CIMENTO, CAL HIDRATADA CH1 E AREIA MÉDIA OU GROSSA LAVADA NO TRAÇO 1:0.5:6, ESPESSURA 5MM | B47: =ORÇAMENTO!I54 -> 3020.4309 | C47: =B47/'PLANILHA RESUMO'!C40 -> 0.0065911642 | D47: =D46+C47 -> 0.86363673 | E47: C
A48: GRADE DE FERRO EM BARRA CHATA, INCLUSIVE CHUMBAMENTO | B48: =ORÇAMENTO!I43 -> 2896.8825 | C48: =B48/'PLANILHA RESUMO'!C40 -> 0.0063215577 | D48: =D47+C48 -> 0.86995829 | E48: C
A49: PLACA DE OBRA NAS DIMENSÕES DE 2.0 X 4.0 M, PADRÃO DER | B49: =ORÇAMENTO!I7 -> 2643.03 | C49: =B49/'PLANILHA RESUMO'!C40 -> 0.0057676025 | D49: =D48+C49 -> 0.87572589 | E49: C
A50: MURETA EM ALVENARIA DE BLOCOS CERÂMICOS 10X20X20CMM, H=0.40CM, INCLUSIVE CHAPISCO | B50: =ORÇAMENTO!I66 -> 2590.4286 | C50: =B50/'PLANILHA RESUMO'!C40 -> 0.0056528161 | D50: =D49+C50 -> 0.88137871 | E50: C
A51: ESCAVAÇÃO MECÂNICA EM MATERIAL DE 1A. CATEGORIA | B51: =ORÇAMENTO!I13 -> 2576.69 | C51: =B51/'PLANILHA RESUMO'!C40 -> 0.0056228358 | D51: =D50+C51 -> 0.88700154 | E51: C
A52: BEBEDOURO EM AÇO INOX COLETIVO, MARCAS DE REFERÊNCIA FISHER, METALPRESS OU MEKAL, INCLUSIVE BASE DE APOIO EM CONCRETO E FECHAMENTO EM ALVENARIA REVESTIDA COM AZULEJO, INCLUSIVE VÁLVULA E SIFÃO, EXCLUSIVE TORNEIRAS | B52: =ORÇAMENTO!I89 -> 2573.28 | C52: =B52/'PLANILHA RESUMO'!C40 -> 0.0056153945 | D52: =D51+C52 -> 0.89261694 | E52: C
A53: FIO DE COBRE TERMOPLÁSTICO, COM ISOLAMENTO PARA 750V, SEÇÃO DE 2.5 MM2 | B53: =ORÇAMENTO!I117 -> 2506.9589 | C53: =B53/'PLANILHA RESUMO'!C40 -> 0.0054706689 | D53: =D52+C53 -> 0.89808761 | E53: C
A54: MOURAO DE CONCRETO RETO, SECAO QUADRADA, *10 X 10* CM, H= 3,00 | B54: =ORÇAMENTO!I69 -> 2412.6208 | C54: =B54/'PLANILHA RESUMO'!C40 -> 0.0052648051 | D54: =D53+C54 -> 0.90335241 | E54: C
A55: CHAPISCO DE ARGAMASSA DE CIMENTO E AREIA MÉDIA OU GROSSA LAVADA NO TRAÇO 1:3, ESPESSURA 5MM, COM UTILIZAÇÃO DE IMPERMEABILIZANTE | B55: =ORÇAMENTO!I55 -> 2373.4868 | C55: =B55/'PLANILHA RESUMO'!C40 -> 0.005179407 | D55: =D54+C55 -> 0.90853182 | E55: C
A56: ELETRODUTO FLEXÍVEL CORRUGADO 3/4" , MARCA DE REFERÊNCIA TIGRE | B56: =ORÇAMENTO!I112 -> 2128.0877 | C56: =B56/'PLANILHA RESUMO'!C40 -> 0.0046438987 | D56: =D55+C56 -> 0.91317572 | E56: C
A57: LOCAÇÃO DE OBRA COM GABARITO DE MADEIRA | B57: =ORÇAMENTO!I11 -> 1957.87 | C57: =B57/'PLANILHA RESUMO'!C40 -> 0.0042724509 | D57: =D56+C57 -> 0.91744817 | E57: C
A58: LIMPEZA GERAL DA OBRA (EDIFICAÇÃO) | B58: =ORÇAMENTO!I136 -> 1882.06 | C58: =B58/'PLANILHA RESUMO'!C40 -> 0.0041070188 | D58: =D57+C58 -> 0.92155519 | E58: C
A59: MARCO DE MADEIRA DE LEI DE 1ª (PEROBA, IPÊ, ANGELIM PEDRA OU EQUIVALENTE) COM 15X3 CM DE BATENTE, NAS DIMENSÕES DE 0.80 X 2.10 M | B59: =ORÇAMENTO!I35 -> 1833.0185 | C59: =B59/'PLANILHA RESUMO'!C40 -> 0.0040000007 | D59: =D58+C59 -> 0.92555519 | E59: C
A60: CAIXAS DE INSPEÇÃO DE ALV. BLOCOS CONCRETO 9X19X39CM, DIM, 60X60CM E HMÁX = 1M, COM TAMPA DE CONC. ESP. 5CM, LASTRO DE CONC. ESP. 10CM, REVEST INTERN. C/ CHAPISCO E REBOCO IMPERMEABILIZADO, INCL. ESCAVAÇÃO, REATERRO E ENCHIMENTO | B60: =ORÇAMENTO!I71 -> 1756.33 | C60: =B60/'PLANILHA RESUMO'!C40 -> 0.0038326516 | D60: =D59+C60 -> 0.92938784 | E60: C
A61: TUBO DE PVC RÍGIDO SOLDÁVEL BRANCO, PARA ESGOTO, DIÂMETRO 75MM (3"), INCLUSIVE CONEXÕES | B61: =ORÇAMENTO!I80 -> 1564.94 | C61: =B61/'PLANILHA RESUMO'!C40 -> 0.0034150017 | D61: =D60+C61 -> 0.93280284 | E61: C
A62: TUBO DE PVC RÍGIDO SOLDÁVEL BRANCO, PARA ESGOTO, DIÂMETRO 100MM (4"), INCLUSIVE CONEXÕES | B62: =ORÇAMENTO!I81 -> 1542.04 | C62: =B62/'PLANILHA RESUMO'!C40 -> 0.0033650294 | D62: =D61+C62 -> 0.93616787 | E62: C
A63: FIO DE COBRE TERMOPLÁSTICO, COM ISOLAMENTO PARA 750V, SEÇÃO DE 1.5 MM2 | B63: =ORÇAMENTO!I116 -> 1509.062 | C63: =B63/'PLANILHA RESUMO'!C40 -> 0.0032930651 | D63: =D62+C63 -> 0.93946094 | E63: C
A64: TUBO DE PVC RÍGIDO SOLDÁVEL MARROM, DIÂM. 25MM (3/4"), INCLUSIVE CONEXÕES | B64: =ORÇAMENTO!I74 -> 1405.89 | C64: =B64/'PLANILHA RESUMO'!C40 -> 0.0030679238 | D64: =D63+C64 -> 0.94252886 | E64: C
A65: MARCO DE MADEIRA DE LEI DE 1ª (PEROBA, IPÊ, ANGELIM PEDRA OU EQUIVALENTE) COM 15 X 3 CM DE BATENTE, NAS DIMENSÕES DE 0.90 X 2.10 M | B65: =ORÇAMENTO!I37 -> 1374.7638 | C65: =B65/'PLANILHA RESUMO'!C40 -> 0.0030000005 | D65: =D64+C65 -> 0.94552886 | E65: C
A66: LAVATÓRIO DE LOUÇA BRANCA COM COLUNA SUSPENSA - REF L51 + CS 1V, COR BRANCA, INCLUSIVE SIFÃO, VÁLVULA E ENGATES CROMADOS, EXCLUSIVE TORNEIRA, PARA PNE | B66: =ORÇAMENTO!I91 -> 1357.26 | C66: =B66/'PLANILHA RESUMO'!C40 -> 0.0029618037 | D66: =D65+C66 -> 0.94849066 | E66: C
A67: ELETRODUTO DE PVC RÍGIDO ROSCÁVEL, DIÂM. 1 1/4" (40MM), INCLUSIVE CONEXÕES | B67: =ORÇAMENTO!I114 -> 1293.7286 | C67: =B67/'PLANILHA RESUMO'!C40 -> 0.0028231659 | D67: =D66+C67 -> 0.95131383 | E67: C
A68: BANCADA DE GRANITO COM ESPESSURA DE 2 CM | B68: =ORÇAMENTO!I130 -> 1198.6193 | C68: =B68/'PLANILHA RESUMO'!C40 -> 0.0026156191 | D68: =D67+C68 -> 0.95392945 | E68: C
A69: IMPERMEABILIZAÇÃO, EMPREGANDO ARGAMASSA DE CIMENTO E AREIA SEM PENEIRAR NO TRAÇO 1:3 COM ADITIVO IMPERMEABILIZADO TIPO SIKA 1 OU EQUIVALENTE, ESPESSURA DE 2 CM | B69: =ORÇAMENTO!I49 -> 1045.2081 | C69: =B69/'PLANILHA RESUMO'!C40 -> 0.0022808461 | D69: =D68+C69 -> 0.9562103 | E69: C
A70: PISO EM GRANITO APLICADO EM AMBIENTES INTERNOS. AF_09/2020 | B70: =ORÇAMENTO!I63 -> 982.70186 | C70: =B70/'PLANILHA RESUMO'!C40 -> 0.0021444455 | D70: =D69+C70 -> 0.95835474 | E70: C
A71: FORNECIMENTO, DOBRAGEM E COLOCAÇÃO EM FÔRMA, DE ARMADURA CA-60 B FINA, DIÂMETRO DE 4.0 A 7.0MM | B71: =ORÇAMENTO!I21 -> 968.49 | C71: =B71/'PLANILHA RESUMO'!C40 -> 0.0021134324 | D71: =D70+C71 -> 0.96046817 | E71: C
A72: REATERRO APILOADO DE CAVAS DE FUNDAÇÃO, EM CAMADAS DE 20 CM | B72: =ORÇAMENTO!I14 -> 950.2 | C72: =B72/'PLANILHA RESUMO'!C40 -> 0.0020735201 | D72: =D71+C72 -> 0.96254169 | E72: C
A73: BARRA DE APOIO RETA EM AÇO INOX 304 P/ PORTADORES DE NECESSIDADES ESPECIAIS (NBR 9050), LARGURA 80 CM | B73: =ORÇAMENTO!I97 -> 940.81 | C73: =B73/'PLANILHA RESUMO'!C40 -> 0.0020530293 | D73: =D72+C73 -> 0.96459472 | E73: C
A74: TUBO DE PVC RÍGIDO SOLDÁVEL BRANCO, PARA ESGOTO, DIÂMETRO 50MM (2"), INCLUSIVE CONEXÕES | B74: =ORÇAMENTO!I79 -> 873.55 | C74: =B74/'PLANILHA RESUMO'!C40 -> 0.001906255 | D74: =D73+C74 -> 0.96650098 | E74: C
A75: JANELA TIPO MAXIM-AR PARA VIDRO EM ALUMÍNIO ANODIZADO NATURAL, LINHA 25, COMPLETA, INCL. PUXADOR COM TRANCA, CAIXILHO, ALIZAR E CONTRAMARCO, EXCLUSIVE VIDRO (GUILHOTINA) | B75: =ORÇAMENTO!I42 -> 855.52525 | C75: =B75/'PLANILHA RESUMO'!C40 -> 0.0018669215 | D75: =D74+C75 -> 0.9683679 | E75: C
A76: DUCHA MANUAL ACQUA JET , LINHA AQUARIUS, COM REGISTRO REF.C 2195, MARCAS DE REFERÊNCIA FABRIMAR, DECA OU DOCOL | B76: =ORÇAMENTO!I90 -> 811.56 | C76: =B76/'PLANILHA RESUMO'!C40 -> 0.0017709808 | D76: =D75+C76 -> 0.97013888 | E76: C
A77: BARRA DE APOIO RETA EM AÇO INOX 304 P/ PORTADORES DE NECESSIDADES ESPECIAIS (NBR 9050), LARGURA 60 CM | B77: =ORÇAMENTO!I101 -> 800.36 | C77: =B77/'PLANILHA RESUMO'!C40 -> 0.0017465403 | D77: =D76+C77 -> 0.97188542 | E77: C
A78: QUADRO DE DISTRIBUIÇÃO DE ENERGIA, DE EMBUTIR, COM 32 DIVISÕES MODULARES, COM BARRAMENTO | B78: =ORÇAMENTO!I103 -> 758.36017 | C78: =B78/'PLANILHA RESUMO'!C40 -> 0.0016548885 | D78: =D77+C78 -> 0.97354031 | E78: C
A79: CAIXA DE PASSAGEM DE ALVENARIA DE BLOCOS DE CONCRETO 9X19X39CM, DIMENSÕES DE 30X30X50CM, COM REVESTIMENTO INTERNO EM CHAPISCO E REBOCO, TAMPA DE CONCRETO ESP.5CM E LASTRO DE BRITA 5 CM | B79: =ORÇAMENTO!I120 -> 747.06639 | C79: =B79/'PLANILHA RESUMO'!C40 -> 0.0016302433 | D79: =D78+C79 -> 0.97517055 | E79: C
A80: FORNECIMENTO, DOBRAGEM E COLOCAÇÃO EM FÔRMA, DE ARMADURA CA-60 B FINA, DIÂMETRO DE 4.0 A 7.0MM | B80: =ORÇAMENTO!I28 -> 693.84 | C80: =B80/'PLANILHA RESUMO'!C40 -> 0.001514093 | D80: =D79+C80 -> 0.97668464 | E80: C
A81: CAIXA SIFONADA ESPECIAL DE ALV. BLOCO CONC.9X19X39CM, DIM 60X60CM E HMÁX=1M, C/ TAMPA EM CONCRETO ESP.5CM, LASTRO CONC.ESP.10CM, REVEST. INTERN. C/CHAP. E REB. IMPERMEAB. ESCAV, REATERRO E CURVA CURTA C/ VISITA E PLUG EM PVC 100MM | B81: =ORÇAMENTO!I73 -> 672.64 | C81: =B81/'PLANILHA RESUMO'!C40 -> 0.0014678305 | D81: =D80+C81 -> 0.97815248 | E81: C
A82: CAIXA DE GORDURA DE ALV. BLOCO CONCRETO 9X19X39CM, DIM.60X60CM E HMÁX=1M, COM TAMPA EM CONCRETO ESP.5CM, LASTRO CONCRETO ESP.10CM, REVESTIDA INTERN. C/ CHAPISCO E REBOCO IMPERMEAB, ESCAVAÇÃO, REATERRO E PAREDE INTERNA EM CONCRETO | B82: =ORÇAMENTO!I72 -> 630.03 | C82: =B82/'PLANILHA RESUMO'!C40 -> 0.0013748473 | D82: =D81+C82 -> 0.97952732 | E82: C
A83: LUMINÁRIA TIPO PLAFON REDONDO COM VIDRO FOSCO, DE SOBREPOR, COM 1 LÂMPADA FLUORESCENTE DE 15 W, SEM REATOR - FORNECIMENTO E INSTALAÇÃO. AF_02/2020 | B83: =ORÇAMENTO!I122 -> 626.03234 | C83: =B83/'PLANILHA RESUMO'!C40 -> 0.0013661236 | D83: =D82+C83 -> 0.98089345 | E83: C
A84: PISO CERÂMICO 45X45CM, PEI 5, CARGO PLUS GRAY, MARCAS DE REFERÊNCIA ELIANE, CECRISA OU PORTOBELLO, ASSENTADO COM ARGAMASSA DE CIMENTO COLANTE, INCLUSIVE REJUNTAMENTO | B84: =ORÇAMENTO!I62 -> 606.0414 | C84: =B84/'PLANILHA RESUMO'!C40 -> 0.0013224995 | D84: =D83+C84 -> 0.98221595 | E84: C
A85: DISPOSITIVO DE PROTEÇÃO CONTRA SURTO (DPS) BIPOLAR, TENSÃO NOMINAL MÁXIMA 275VCA, CORENTE DE SURTO MÁXIMA 40KA. | B85: =ORÇAMENTO!I107 -> 566.20912 | C85: =B85/'PLANILHA RESUMO'!C40 -> 0.0012355778 | D85: =D84+C85 -> 0.98345152 | E85: C
A86: TORNEIRA PRESSÃO CROMADA DIAM. 1/2" PARA PIA, MARCAS DE REFERÊNCIA FABRIMAR, DECA OU DOCOL | B86: =ORÇAMENTO!I96 -> 523.25 | C86: =B86/'PLANILHA RESUMO'!C40 -> 0.0011418327 | D86: =D85+C86 -> 0.98459336 | E86: C
A87: CAIXA SIFONADA EM PVC, DIÂM. 150MM, COM GRELHA E PORTA GRELHA QUADRADOS, EM AÇO INOX | B87: =ORÇAMENTO!I83 -> 513.05 | C87: =B87/'PLANILHA RESUMO'!C40 -> 0.0011195743 | D87: =D86+C87 -> 0.98571293 | E87: C
A88: ESPELHO PARA BANHEIROS ESPESSURA 4 MM, INCLUINDO CHAPA COMPENSADA 10 MM, MOLDURA DE ALUMÍNIO EM PERFIL L 3/4", FIXADO COM PARAFUSOS CROMADOS | B88: =ORÇAMENTO!I47 -> 507.63351 | C88: =B88/'PLANILHA RESUMO'!C40 -> 0.0011077545 | D88: =D87+C88 -> 0.98682069 | E88: C
A89: TOMADA PADRÃO BRASILEIRO LINHA BRANCA, NBR 14136 2 POLOS + TERRA 10A/250V, COM PLACA 4X2" | B89: =ORÇAMENTO!I110 -> 467.60576 | C89: =B89/'PLANILHA RESUMO'!C40 -> 0.0010204062 | D89: =D88+C89 -> 0.98784109 | E89: C
A90: REFLETOR 30W - FORNECIMENTO E INSTALAÇÃO | B90: =ORÇAMENTO!I123 -> 436.67276 | C90: =B90/'PLANILHA RESUMO'!C40 -> 0.0009529044 | D90: =D89+C90 -> 0.988794 | E90: C
A91: PINTURA COM TINTA ESMALTE SINTÉTICO, MARCAS DE REFERÊNCIA SUVINIL, CORAL OU METALATEX, A DUAS DEMÃOS, INCLUSIVE FUNDO ANTICORROSIVO A UMA DEMÃO, EM METAL | B91: =ORÇAMENTO!I134 -> 416.83686 | C91: =B91/'PLANILHA RESUMO'!C40 -> 0.00090961863 | D91: =D90+C91 -> 0.98970361 | E91: C
A92: INTERRUPTOR DE UMA TECLA SIMPLES 10A/250V, COM PLACA 4X2" | B92: =ORÇAMENTO!I109 -> 391.48137 | C92: =B92/'PLANILHA RESUMO'!C40 -> 0.00085428804 | D92: =D91+C92 -> 0.9905579 | E92: C
A93: TANQUE EM MÁRMORE SINTÉTICO COM 2 BOJOS, INCLUSIVE VÁLVULA E SIFÃO EM PVC | B93: =ORÇAMENTO!I92 -> 378.38 | C93: =B93/'PLANILHA RESUMO'!C40 -> 0.00082569832 | D93: =D92+C93 -> 0.9913836 | E93: C
A94: MINI-DISJUNTOR MONOPOLAR 16 A, CURVA C - 5KA 220/127VCA (NBR IEC 60947-2), REF. SIEMENS, GE, SCHNEIDER OU EQUIVALENTE | B94: =ORÇAMENTO!I104 -> 350.39664 | C94: =B94/'PLANILHA RESUMO'!C40 -> 0.00076463322 | D94: =D93+C94 -> 0.99214823 | E94: C
A95: FIO OU CABO DE COBRE TERMOPLÁSTICO, COM ISOLAMENTO PARA 750V, SEÇÃO DE 4.0 MM2 | B95: =ORÇAMENTO!I118 -> 348.00033 | C95: =B95/'PLANILHA RESUMO'!C40 -> 0.00075940401 | D95: =D94+C95 -> 0.99290764 | E95: C
A96: TUBO DE PVC RÍGIDO SOLDÁVEL BRANCO, PARA ESGOTO, DIÂMETRO 40MM (1 1/2"), INCLUSIVE CONEXÕES | B96: =ORÇAMENTO!I78 -> 338.57 | C96: =B96/'PLANILHA RESUMO'!C40 -> 0.0007388252 | D96: =D95+C96 -> 0.99364646 | E96: C
A97: TORNEIRA PARA TANQUE, MARCAS DE REFERÊNCIA FABRIMAR, DECA OU DOCOL. | B97: =ORÇAMENTO!I95 -> 278.05 | C97: =B97/'PLANILHA RESUMO'!C40 -> 0.00060675886 | D97: =D96+C97 -> 0.99425322 | E97: C
A98: CUBA DE EMBUTIR RETANGULAR DE AÇO INOXIDÁVEL, 56 X 33 X 12 CM - FORNECIMENTO E INSTALAÇÃO. AF_01/2020 | B98: =ORÇAMENTO!I99 -> 272.11 | C98: =B98/'PLANILHA RESUMO'!C40 -> 0.00059379663 | D98: =D97+C98 -> 0.99484702 | E98: C
A99: MINI-DISJUNTOR BIPOLAR 63 A, CURVA C - 5KA 220/127VCA (NBR IEC 60947-2), REF. SIEMENS, GE, SCHNEIDER OU EQUIVALENTE | B99: =ORÇAMENTO!I106 -> 236.08336 | C99: =B99/'PLANILHA RESUMO'!C40 -> 0.00051517953 | D99: =D98+C99 -> 0.9953622 | E99: C
A100: TUBO DE PVC RÍGIDO SOLDÁVEL MARROM, DIÂM. 60MM (2"), INCLUSIVE CONEXÕES | B100: =ORÇAMENTO!I77 -> 224.97 | C100: =B100/'PLANILHA RESUMO'!C40 -> 0.00049092804 | D100: =D99+C100 -> 0.99585313 | E100: C
A101: TORNEIRA PRESSÃO CROMADA DIÂM. 1/2" PARA LAVATÓRIO, MARCAS DE REFERÊNCIA FABRIMAR, DECA OU DOCO | B101: =ORÇAMENTO!I94 -> 218.72 | C101: =B101/'PLANILHA RESUMO'!C40 -> 0.00047728933 | D101: =D100+C101 -> 0.99633042 | E101: C
...

Sheet TABELA RESUMO DE COTAÇÕES
A1: TABELA RESUMO DE COTAÇÕES
N2: 0.15 | O2: limite percentual
N4: média1 | O4: média2 | P4: média3 | Q4: média4 | R4: média2 | S4: p1-média1 | T4: p2-média1 | U4: p3-média1 | V4: p1-média2 | W4: p1-média3 | X4: p2-média4
A6: ITEM | B6: DESCRIÇÃO | C6: UNIDADE | D6: QUANTIDADE | L6: PREÇO MÉDIO - VALOR UNIT. (R$) | N6: p1,p2,p3 | O6: p1,p2 | P6: p1,p3 | Q6: p2,p3 | R6: p1,p2
E7: COTAÇÃO 01 | G7: COTAÇÃO 02 | I7: COTAÇÃO 03 | K7: DATA PREÇO 03
A8: C.1 | B8: Refletor 30w | C8: UNIDADE | D8: 1 | E8: 40.43 | F8: ILUMINIM | G8: 38.99 | H8: AMERICANAS | I8: 44.51 | J8: SUSTENTALED | K8: 44743 | L8: =(I8+G8+E8)/3 -> 41.31
A9: C.2 | B9: ALAMBRADO SOLDADO 25X1M FIO 2.3MMX12 | C9: M2 | D9: 1 | E9: 23.39 | F9: CASA E GARAGEM | G9: 23.89 | H9: FERRAMENTAS KENNEDY | I9: 24.3 | J9: SUPERPRO | K9: 44743 | L9: =(I9+G9+E9)/3 -> 23.86
B11: CARLOS RAPHAEL MONTEIRO DE LEMOS
B12: Engenheiro Civil- CREA-ES 011840/D
B13: ES-011840/D
